 Dungeon Crawl Stone Soup version 0.31-a0-963-ga325b2283a (webtiles) character file.

Game seed: 3043172588451460515

1646602 MackTheKnife the Acrobat (level 25, 223/223 HPs)
             Began as a White Draconian Warper on Oct 25, 2023.
             Was the Champion of Ashenzari.
             Escaped with the Orb
             ... and 3 runes!
             The game lasted 02:58:19 (67553 turns).

MackTheKnife the Acrobat (White Draconian Warper)  Turns: 67553, Time: 02:58:20

Health: 223/223    AC: 20    Str: 12    XL:     25   Next: 14%
Magic:  45/45      EV: 37    Int: 37    God:    Ashenzari [******]
Gold:   1716       SH: 28    Dex: 25    Spells: 1/61 levels left

rFire   + + .        N - +9 rapier "Urgency of Ashenzari" {vamp, rElec Str+4 Dex+3, short, Self, Cun} (curse)
rCold   + + .        h - +5 kite shield of Ashenzari's Insecurity {Self, Fort} (curse)
rNeg    . . .        (body armour unavailable)
rPois   +            G - +2 hat of Ashenzari's Failure {Will+, Self, Comp} (curse)
rElec   +            X - +0 cloak of the Shackled Burden {Int+9, Elem, Self} (curse)
rCorr   .            e - +1 pair of gloves of the Mantic Empyrean {rC+ Int+2 SInv, Elem, Comp} (curse)
SInv    +            i - +2 pair of boots "Eternal With Me" {Dev, Melee} (curse)
Will    +++..        S - amulet of Toth-Mos's Legacy {Reflect Rampage rF+ Str-4 Int+4 SH+5, Self, Cun} (curse)
Stlth   ++           y - ring "Share My Visionary" {Will+, Melee, Fort} (curse)
HPRegen 0.57/turn    H - ring of Supernal Wisdom {Wiz rPois Int+2 Slay+3, Cun, Comp} (curse)
MPRegen 0.29/turn

%: reflection, clarity, rampage, wizardry (x1)
@: maw-form
A: devouring maw, breathe frost, AC +12, unfitting armour, cold resistance 1,
cold-blooded, agile 1, berserk 2, clever 1, fire resistance 1, frail 1
0: Orb of Zot
}: 3/15 runes: decaying, silver, gossamer
a: Breathe Frost, Begin Untransformation, Renounce Religion, Shatter the Chains


You escaped.
You worshipped Ashenzari.
Ashenzari was exalted by your worship.
You were a creature with a mouth for a stomach.
You visited 9 branches of the dungeon, and saw 47 of its levels.
You visited the Abyss 2 times.
You visited 2 bazaars.
You also visited: Gauntlet and Ice Cave.

You collected 6703 gold pieces.
You spent 4987 gold pieces at shops.


Innate Abilities, Weirdness & Mutations

You are a creature with a mouth for a stomach.
Your midsection houses a second, enormous mouth.
You can breathe waves of freezing cold which knock back foes.
Your icy white scales are hard. (AC +12)
You cannot fit into any form of body armour.
Your flesh is cold resistant. (rC+)
You are cold-blooded and may be slowed by cold attacks.
You are agile. (Dex +4, Str/Int -1)
You have an uncontrollable temper.
Your mind is acute. (Int +4, Str/Dex -1)
Your flesh is heat resistant. (rF+)
You are frail. (-10% HP)


   Skills:
 - Level 18.4(24.8) Fighting
 - Level 10.4(14.0) Short Blades
 - Level 0.8 Throwing
 + Level 22.6(26.9) Dodging
 - Level 7.4(12.1) Stealth
 - Level 17.0(20.4) Shields
 - Level 12.3(18.9) Spellcasting
 - Level 6.8 Conjurations
 - Level 5.4 Hexes
 - Level 11.4(16.1) Summonings
 - Level 9.7(14.4) Necromancy
 - Level 9.6 Translocations
 - Level 17.7(21.1) Ice Magic
 - Level 6.7(10.3) Air Magic
 - Level 3.3(6.4) Earth Magic
 - Level 9.0(11.5) Evocations
 - Level 8.8(11.3) Shapeshifting


You had one spell level left.
You knew the following spells:

 Your Spells              Type           Power      Damage    Failure   Level
a - Blink                 Tloc           100%       N/A       1%          2
b - Malign Gateway        Summ/Tloc      46%        N/A       2%          7
c - Freezing Cloud        Conj/Ice/Air   46%        6-21      1%          5
d - Vhi's Electric Charg  Tloc/Air       100%       N/A       1%          4
e - Wereblood             Tmut           35%        N/A       1%          2
f - Ozocubu's Refrigerat  Ice            56%        4d20      1%          7
g - Simulacrum            Ice/Necr       52%        N/A       1%          6
h - Borgnjor's Vile Clut  Necr/Erth      42%        N/A       1%          5
i - Stone Arrow           Conj/Erth      100%       3d13      1%          3
j - Haunt                 Necr/Summ      49%        N/A       1%          7
k - Animate Dead          Necr           97%        N/A       1%          4
l - Yara's Violent Unrav  Hex/Tmut       26%        3d11      4%          5
m - Apportation           Tloc           100%       N/A       0%          1
n - Lesser Beckoning      Tloc           100%       N/A       1%          2

Your spell library contained the following spells:

 Spells                   Type           Power      Damage    Failure   Level
 Freeze                   Ice            100%       1d10      0%          1
 Kiss of Death            Conj/Necr      100%       2d13      0%          1
 Necrotise                Necr           100%       1d9       0%          1
 Summon Small Mammal      Summ           100%       N/A       0%          1
 Foxfire                  Conj/Fire      100%       2x1d9     1%          1
 Magic Dart               Conj           100%       1d8       1%          1
 Sandblast                Erth           100%       2d20      1%          1
 Slow                     Hex            100%       N/A       1%          1
 Call Imp                 Summ           100%       N/A       0%          2
 Ensorcelled Hibernation  Hex/Ice        100%       N/A       0%          2
 Sublimation of Blood     Necr           97%        N/A       0%          2
 Frozen Ramparts          Ice            100%       1d16      0%          3
 Hailstorm                Conj/Ice       95%        3d19      0%          3
 Ozocubu's Armour         Ice            100%       N/A       0%          3
 Vampiric Draining        Necr           97%        2d12      0%          3
 Summon Ice Beast         Ice/Summ       100%       N/A       0%          4
 Cigotuvi's Dreadful Rot  Necr/Pois/Air  100%       N/A       1%          2
 Jinxbite                 Hex            100%       N/A       1%          2
 Passwall                 Tmut/Erth      46%        N/A       1%          2
 Confusing Touch          Hex            66%        N/A       1%          3
 Gell's Gravitas          Tloc           82%        N/A       1%          3
 Ignite Poison            Fire/Tmut/Pois 36%        N/A       1%          3
 Inner Flame              Hex/Fire       54%        N/A       1%          3
 Mephitic Cloud           Conj/Pois/Air  67%        N/A       1%          3
 Sigil of Binding         Hex            66%        N/A       1%          3
 Teleport Other           Tloc           82%        N/A       1%          3
 Tukima's Dance           Hex            66%        N/A       1%          3
 Volatile Blastmotes      Fire/Tloc      100%       2d18      1%          3
 Airstrike                Air            42%        2d(6-22)  1%          4
 Anguish                  Hex/Necr       41%        N/A       1%          4
 Brom's Barrelling Bould  Conj/Erth      71%        2d8       1%          4
 Dimensional Bullseye     Hex/Tloc       37%        N/A       1%          4
 Dispel Undead            Necr           97%        3d30      1%          4
 Flame Wave               Conj/Fire      58%        2d14      1%          4
 Iskenderun's Mystic Bla  Conj/Tloc      77%        2d15      1%          4
 Leda's Liquefaction      Hex/Erth       34%        N/A       1%          4
 Manifold Assault         Tloc           82%        N/A       1%          4
 Passage of Golubria      Tloc           82%        N/A       1%          4
 Sticky Flame             Conj/Fire      58%        2d7       1%          4
 Summon Lightning Spire   Summ/Air       93%        N/A       1%          4
 Arcjolt                  Conj/Air       39%        1d49      1%          5
 Lee's Rapid Deconstruct  Erth           35%        3d18*     1%          5
 Metabolic Englaciation   Hex/Ice        46%        N/A       1%          5
 Silence                  Hex/Air        38%        N/A       1%          5
 Summon Forest            Summ/Tloc      46%        N/A       1%          5
 Summon Mana Viper        Hex/Summ       86%        N/A       1%          5
 Death Channel            Necr           48%        N/A       1%          6
 Dispersal                Tloc           41%        N/A       1%          6
 Summon Cactus Giant      Summ           50%        N/A       1%          6
 Summon Hydra             Summ           50%        N/A       1%          7
 Bombard                  Conj/Erth      35%        9d6       4%          6
 Summon Horrible Things   Summ           50%        N/A       4%          8
 Plasma Beam              Fire/Air       33%        2x1d46    9%          6
 Borgnjor's Revivificati  Necr           48%        N/A       9%          8
 Infestation              Necr           48%        N/A       9%          8
 Alistair's Intoxication  Tmut/Pois      23%        N/A       14%         5
 Starburst                Conj/Fire      29%        6d9       16%         6
 Eringya's Noxious Bog    Tmut/Pois      17%        4d6       56%         6
 Death's Door             Necr           48%        N/A       75%         9
 Lehudib's Crystal Spear  Conj/Erth      35%        10d9      88%         8
 Ignition                 Fire           19%        3d7       100%        8
 Chain Lightning          Conj/Air       39%        3d52      100%        9
 Animate Armour           Summ/Erth      Unusable   N/A       N/A         4

Inventory:

Hand Weapons
 t - the +8 rapier "Boifask" {holy, rF+ Str+2 Dex+3, short}
   (You took it off a deep elf demonologist on level 3 of the Elven Halls)

   Str+2:     It affects your strength (+2).
   Dex+3:     It affects your dexterity (+3).
   rF+:       It protects you from fire.
 N - the cursed +9 rapier "Urgency of Ashenzari" (weapon) {vamp, rElec Str+4 Dex+3, short, Self, Cun}
   (You took it off a deep elf death mage on level 3 of the Elven Halls)

   Str+4:     It affects your strength (+4).
   Dex+3:     It affects your dexterity (+3).
   rElec:     It insulates you from electricity.
   It has a curse which improves the following skills: Introspection: Fighting
   and Spellcasting.
   Cunning:   Dodging and Stealth.
Armour
 e - the cursed +1 pair of gloves of the Mantic Empyrean (worn) {rC+ Int+2 SInv, Elem, Comp}
   (You found it on level 4 of the Spider Nest)

   Int+2:     It affects your intelligence (+2).
   rC+:       It protects you from cold.
   SInv:      It lets you see invisible.
   It has a curse which improves the following skills: Elements: Fire Magic, Ice
   Magic, Air Magic and Earth Magic.
   Companions: Summonings and Necromancy.
 h - the cursed +5 kite shield of Ashenzari's Insecurity (worn) {Self, Fort}
   (You took it off a gnoll sergeant on level 12 of the Dungeon)

   It has a curse which improves the following skills: Introspection: Fighting
   and Spellcasting.
   Fortitude: Shields.
 i - the cursed +2 pair of boots "Eternal With Me" (worn) {Dev, Melee}
   (You found it on level 1 of the Dungeon)

   It has a curse which improves the following skills: Devices: Evocations and
   Shapeshifting.
   Melee Combat: Short Blades, Long Blades, Axes, Maces & Flails, Polearms,
   Staves and Unarmed Combat.
 F - a +2 tower shield of protection
   (You took it off Mennas on level 5 of the Vaults)
 G - the cursed +2 hat of Ashenzari's Failure (worn) {Will+, Self, Comp}
   (You found it on level 4 of the Vaults)

   It has a curse which improves the following skills: Introspection: Fighting
   and Spellcasting.
   Companions: Summonings and Necromancy.
 X - the cursed +0 cloak of the Shackled Burden (worn) {Int+9, Elem, Self}
   (You bought it in a shop on level 2 of the Orcish Mines)

   Int+9:     It affects your intelligence (+9).
   It has a curse which improves the following skills: Elements: Fire Magic, Ice
   Magic, Air Magic and Earth Magic.
   Introspection: Fighting and Spellcasting.
Magical Staves
 W - the staff of Contention {Drain rElec rN+ Will+ Str+5 Necro, !astaff}
   (You found it on level 5 of the Vaults)

   [staff of death]

   Base accuracy: +5 Base damage: 5 Base attack delay: 1.2 This weapon's minimum
   attack delay (0.6) is reached at skill level 12.
   Str+5:     It affects your strength (+5).
   rElec:     It insulates you from electricity.
   rN+:       It protects you from negative energy.
   Will+:     It increases your willpower.
   Drain:     It drains your maximum health when unequipped.
   Necro:     It increases the power of your Necromancy spells.
   It falls into the 'Staves' category.
   It is a one-handed weapon.
Jewellery
 a - the ring "Fotwi" {rElec rPois rC+ rCorr Int-2}
   (You took it off a deep elf sorcerer on level 3 of the Elven Halls)

   [ring of protection from cold]

   Int-2:     It affects your intelligence (-2).
   rC+:       It protects you from cold.
   rElec:     It insulates you from electricity.
   rPois:     It protects you from poison rCorr: It protects you from acid and
   corrosion.
 y - the cursed ring "Share My Visionary" (left hand) {Will+, Melee, Fort}
   (You bought it in a shop on level 2 of the Orcish Mines)

   [ring of willpower]

   Will+:     It increases your willpower.
   It has a curse which improves the following skills: Melee Combat: Short
   Blades, Long Blades, Axes, Maces & Flails, Polearms, Staves and Unarmed
   Combat.
   Fortitude: Shields.
 H - the cursed ring of Supernal Wisdom (right hand) {Wiz rPois Int+2 Slay+3, Cun, Comp}
   (You acquired it in a Gauntlet)

   [ring of wizardry]

   Wiz:       It improves your spell success rate.
   Int+2:     It affects your intelligence (+2).
   Slay+3:    It affects your accuracy & damage with ranged weapons and melee
   (+3).
   rPois:     It protects you from poison It has a curse which improves the
   following skills: Cunning: Dodging and Stealth.
   Companions: Summonings and Necromancy.
 S - the cursed amulet of Toth-Mos's Legacy (around neck) {Reflect Rampage rF+ Str-4 Int+4 SH+5, Self, Cun}
   (You bought it in a shop on level 1 of the Depths)

   [amulet of reflection]

   Reflect:   It reflects blocked missile attacks.
   Str-4:     It affects your strength (-4).
   Int+4:     It affects your intelligence (+4).
   rF+:       It protects you from fire.
   SH+5:      It affects your SH (+5).
   Rampage:   It bestows one free step when moving towards enemies.
   It has a curse which improves the following skills: Introspection: Fighting
   and Spellcasting.
   Cunning:   Dodging and Stealth.
 T - the amulet "Zoamnau" {RegenMP Dex+5}
   (You took it off a vault guard on level 5 of the Vaults)

   [amulet of magic regeneration]

   RegenMP:   It increases your rate of magic regeneration.
   Dex+5:     It affects your dexterity (+5).
Talismans
 u - a maw talisman (active)
   (You found it on level 4 of the Dungeon)
Wands
 b - a wand of polymorph (31)
   (You found it in a Gauntlet)
 c - a wand of digging (29)
   (You found it in a Gauntlet)
 k - a wand of light (22)
   (You found it on level 4 of the Swamp)
 x - a wand of flame (138)
   (You found it on level 2 of the Lair of Beasts)
 B - a wand of charming (64)
   (You took it off a gnoll on level 7 of the Dungeon)
 I - a wand of roots (25)
   (You took it off Joseph on level 10 of the Dungeon)
 R - a wand of mindburst (14)
   (You found it on level 5 of the Lair of Beasts)
Scrolls
 g - 20 scrolls of teleportation {@r4}
 l - 9 scrolls of amnesia
 o - 3 scrolls of fear
 q - 8 scrolls of poison {!r}
 v - 10 scrolls of immolation {!r!r}
 w - 6 scrolls of blinking {!r}
 z - 3 scrolls of fog
 C - 4 scrolls of summoning
 D - 3 scrolls of vulnerability {!r!r}
 J - 2 scrolls of silence {!r}
 P - 3 scrolls of enchant armour
Potions
 d - 10 potions of haste {@q3}
 f - 13 potions of brilliance
 j - 5 potions of magic
 m - 16 potions of heal wounds {@q2}
 n - 16 potions of mutation {!q}
 p - 16 potions of curing {@q1}
 s - 2 potions of berserk rage {!q}
 A - 8 potions of cancellation
 K - 8 potions of invisibility
 L - 12 potions of enlightenment
 M - 6 potions of ambrosia
 O - 7 potions of resistance
 Q - 5 potions of might
Miscellaneous
 r - a phantom mirror
   (You found it on level 3 of the Vaults)
 U - a lightning rod (4/4)
   (You found it on level 4 of the Vaults)
 V - a phial of floods
   (You found it on level 5 of the Lair of Beasts)
 Y - a tin of tremorstones (2/2) {throwing}
   (You found it in a Gauntlet)
 Z - a box of beasts
   (You found it in a Gauntlet)

Dungeon Overview and Level Annotations

Branches:
Dungeon (15/15)            Temple (0/1) D:7            Lair (5/5) D:10
  Swamp (4/4) Lair:3       Spider (4/4) Lair:2        Slime (0/5) Lair:5
    Orc (2/2) D:12            Elf (3/3) Orc:2        Vaults (5/5) D:13
  Crypt (0/3) Vaults:2     Depths (4/4) D:15            Zot (5/5) Depths:4
  IceCv (visited)         Gauntlet (visited)

Altars:
Ashenzari
Dithmenos
Hepliaklqana
Kikubaaqudgha
Trog
Yredelemnul
Lugonu

Shops:
D:1 *   D:2 !   D:6 =   D:9 *   D:10 :   Orc:2 !!=[   Vaults:1 :   Vaults:3 :
Depths:1 [=:=   Depths:2 ***   Depths:4 *

Portals:
Hell: Depths:1 Depths:2 Depths:3 Depths:4
Abyss: Vaults:4 Depths:2 Depths:3 Depths:4
Pandemonium: Depths:2
Ziggurat: Depths:1

Annotations:
D:3 Sigmund
D:5 3 runed translucent doors, exclusion: 3 doors, Maratek's ghost, novice OpFi
Elf:2 5 runed translucent doors
Depths:2 2 transporters, Xoff's ghost, veteran MiFi
Zot:5 exclusions: 2 upstairs and 1 more exclusion

########### #..# ###########
#..# ##~~~~~~~~~## #(##
#○○~~~~~~~~~# #)# #
#~~#~~○~#~~~# ####.# #
#~~~~~~~~~~~# #....# #
#~~~○☼~~~~~~# #.##.# #
###################.##.# #
####..'...)W....'..#...##.## #
###....#############...####...
# #....#.#~~~~~~~~~~~#..## ###.
# #.##.#[#~~~~~~~~~~~#.## #.
#.#....#°~#~☼~~#~~~#.# #.
#......#~~~~~~~~~~~#.# #####
####..#.##~~~~~~~~~##.# #....
#.....#.############..#####.###
#.#.....#...................#


There were no monsters in sight!


Message History

Aiming: Haunt (mildly dangerous; 1% risk of failure)
Press: ? - help, Dir - move target, f - reaper
Aim: a reaper, wielding a +0 scythe of flaming Insubstantial figures form in the air. 😎 MP[-7]
You lost 7 mp, and now have 38/45 mp.
The reaper barely misses your wraith.
Your wraith barely misses the reaper.
Your phantasmal warrior hits the reaper but does no damage.
The reaper hits your wraith with a +0 scythe of flaming!
The reaper burns your wraith.
Your wraith hits the reaper.
Your phantasmal warrior hits the reaper but does no damage.
The reaper hits your wraith with a +0 scythe of flaming!
The reaper burns your wraith.
Your wraith barely misses the reaper.
Your phantasmal warrior hits the reaper!!
Your freezing wraith misses the reaper.
Your freezing wraith hits the reaper!
There is a stone staircase leading up here. 😎 MP[+1]
The reaper hits your wraith with a +0 scythe of flaming!
The reaper burns your wraith.
Your wraith is destroyed!
Your wraith disappears in a puff of smoke!
Your phantasmal warrior hits the reaper but does no damage.
Your freezing wraith hits the reaper but does no damage. x2
Your wraith hits the reaper.
You climb upwards.
There is a stone staircase leading down here.
You see here 6 stones {throwing}.
There is an open door here.
There is an open door here.
A Brimstone Fiend comes into view. 😎 MP[+6]
Your mp is fully restored (45).
Casting: Haunt (mildly dangerous; 1% risk of failure)
Confirm with . or Enter, or press ? or * to list all spells.
Aiming: Haunt (mildly dangerous; 1% risk of failure)
Press: ? - help, Dir - move target, f - Brimstone Fiend
Aim: a Brimstone Fiend Insubstantial figures form in the air. 😎 MP[-7]
You lost 7 mp, and now have 38/45 mp.
The Brimstone Fiend gestures at you.
The sphere of damnation explodes!
The damnation engulfs your wraith!!!
Your wraith is destroyed!
Your wraith disappears in a puff of smoke!
The damnation engulfs your shadow wraith!!!
The damnation engulfs the Brimstone Fiend.
The Brimstone Fiend completely resists.
Your shadow wraith hits the Brimstone Fiend!
Your shadow wraith drains the Brimstone Fiend's vigour!
The Brimstone Fiend seems to slow down.
Your wraith barely misses the Brimstone Fiend.
Your wraith hits the Brimstone Fiend.
Your wraith drains the Brimstone Fiend's vigour!
The Brimstone Fiend seems to slow down. 😎 MP[+1]
Something misses your wraith. Something hits your wraith! x2
Your wraith is destroyed!
Your wraith disappears in a puff of smoke!
There is a stone staircase leading up here. 😎 MP[+1]
You climb upwards.
There is a stone staircase leading down here.
What level of the Dungeon? (default 1, ? - help)
There is an open door here.
Things that are here:
a +0 robe; a +0 dagger {short} You see here a +0 whip {mace}.
You see here a +0 whip {mace}.
There is a stone staircase leading up here.
You climb upwards.
There is a stone staircase leading down, spattered with blood here.
There is a stone staircase leading up here.
You climb upwards.
Level annotation: 3 runed translucent doors, exclusion: 3 doors, Maratek's ghost, novice OpFi
There is a stone staircase leading down here.
Things that are here:
a +0 leather armour; a +0 flail {mace}
There is a stone staircase leading up here.
You climb upwards.
There is a stone staircase leading down here.
Things that are here:
a +0 ring mail; a +0 club {mace}
There is a stone staircase leading up here.
You climb upwards.
Level annotation: Sigmund
There is a stone staircase leading down here.
There is a stone staircase leading up here.
You climb upwards.
There is a stone staircase leading down here.
There is a stone staircase leading up here.
You climb upwards.
There is a stone staircase leading down here. 😎 MP[+5]
Your mp is fully restored (45).
Things that are here:
4 stones {throwing}; a +0 club {mace} You see here a +0 short sword {short}.
There is an open door here.
There is a staircase leading out of the dungeon here.
You have escaped!

Skill      XL: |  1  2  3  4  5  6  7  8  9 10 11 12 13 14 15 16 17 18 19 20 21 22 23 24 |
---------------+-------------------------------------------------------------------------+-----
Stealth        | 1 2 6 7 |  7.4
Short Blades   | 3 4 5 6 7 10 | 10.4
Fighting       | 4 6 8 9 10 11 13 16 18 | 18.4
Dodging        | 3 6 7 8 10 11 12 14 16 17 18 22 | 22.6
Shapeshifting  | 1 6 8 |  8.8
Ice Magic      | 5 9 15 16 17 | 17.7
Conjurations   | 4 6 |  6.8
Air Magic      | 4 6 |  6.7
Spellcasting   | 4 5 7 9 12 | 12.3
Summonings     | 3 6 11 | 11.4
Necromancy     | 4 5 8 9 |  9.7
Evocations     | 7 9 |  9.0
Shields        | 5 11 12 17 | 17.0
Earth Magic    | 3 |  3.3
Hexes          | 5 |  5.4
Translocations | 9 |  9.6
Throwing       | |  0.8

Action                     |  1- 3 |  4- 6 |  7- 9 | 10-12 | 13-15 | 16-18 | 19-21 | 22-24 | 25-27 || total
---------------------------+-------+-------+-------+-------+-------+-------+-------+-------+-------++-------
  Melee: Short sword       |   118 |       |       |       |       |       |       |       |       ||   118
         Tailslap          |    13 |    23 |    60 |    87 |   134 |   122 |   223 |   354 |    13 ||  1029
         Punch             |     3 |     4 |     6 |     9 |     9 |     4 |       |       |       ||    35
         Dagger            |    31 |   200 |   457 |   507 |   557 |   182 |       |       |       ||  1934
         Maw               |       |       |       |   157 |   243 |   233 |   412 |   594 |    22 ||  1661
         Rapier            |       |       |       |       |       |   324 |   838 |  1140 |    42 ||  2344
  Throw: Dart              |     1 |    25 |    27 |    27 |       |       |       |       |       ||    80
         Boomerang         |       |    11 |    23 |     1 |       |       |       |       |       ||    35
   Cast: Blink             |       |     1 |       |     1 |     2 |     1 |     2 |       |       ||     7
         Gell's Gravitas   |       |       |     1 |     1 |       |       |       |       |       ||     2
         Freezing Cloud    |       |       |       |    39 |    87 |    28 |    40 |    20 |       ||   214
         Ozocubu's Refrige |       |       |       |       |   164 |   330 |   282 |    29 |       ||   805
         Vhi's Electric Ch |       |       |       |       |     2 |       |     5 |    13 |       ||    20
         Summon Ice Beast  |       |       |       |       |     1 |       |       |       |       ||     1
         Simulacrum        |       |       |       |       |     1 |     1 |    15 |    11 |       ||    28
         Stone Arrow       |       |       |       |       |       |    87 |       |       |       ||    87
         Borgnjor's Vile C |       |       |       |       |       |    78 |    75 |    55 |     3 ||   211
         Wereblood         |       |       |       |       |       |       |     5 |     7 |       ||    12
         Animate Dead      |       |       |       |       |       |       |     8 |    16 |       ||    24
         Haunt             |       |       |       |       |       |       |    14 |    97 |     8 ||   119
         Malign Gateway    |       |       |       |       |       |       |     1 |    21 |       ||    22
         Yara's Violent Un |       |       |       |       |       |       |       |     4 |       ||     4
         Apportation       |       |       |       |       |       |       |       |     4 |       ||     4
 Invoke: Curse Item        |       |       |     3 |     3 |     3 |     3 |     2 |     2 |       ||    16
         Shatter the Chain |       |       |       |       |     2 |     1 |     3 |     1 |       ||     7
Ability: Breathe Frost     |       |       |    35 |    34 |    20 |     8 |       |       |       ||    97
  Evoke: Wand              |       |       |       |     3 |    11 |     7 |     6 |     5 |     2 ||    34
         Box of beasts     |       |       |       |       |     3 |     3 |     1 |     1 |       ||     8
         Tin of tremorston |       |       |       |       |       |     3 |       |     1 |       ||     4
         Phantom mirror    |       |       |       |       |       |       |     1 |       |       ||     1
    Use: Scroll            |       |     8 |     2 |     2 |     3 |     9 |     6 |     9 |     2 ||    41
         Potion            |       |       |       |       |     2 |     5 |     7 |     7 |     3 ||    24
   Stab: Sleeping          |     8 |     8 |     1 |     1 |     5 |     2 |    18 |     6 |       ||    49
         Invisible         |       |       |       |     2 |     5 |     1 |       |       |       ||     8
         Held in net/web   |       |       |       |     2 |       |       |       |       |       ||     2
         Distracted        |       |       |       |       |     1 |    10 |    11 |    27 |       ||    49
 Armour: Skin              |    69 |   104 |   184 |   223 |   294 |   335 |   232 |   268 |     3 ||  1712
  Dodge: Dodged            |    68 |   108 |   251 |   331 |   382 |   269 |   375 |   457 |    20 ||  2261
  Block: Buckler           |       |       |       |       |       |    54 |       |       |       ||    54
         Kite shield       |       |       |       |       |       |   126 |   559 |   895 |    59 ||  1639
         Reflection        |       |       |       |       |       |       |       |    51 |       ||    51
   Form: Maw               |       |       |       |     1 |       |       |       |       |       ||     1

Levels and vault maps discovered:
D:1:      saegor_arrival_miasma, layout_basic, ebering_ecumenical_altar_webs,
          serial_shops, shop, minmay_lizard_pond
D:2:      layout_loops_ring, serial_shops, nicolae_shop_back_alley_shop
D:3:      minmay_bubble_buster, layout_loops_cross, lightli_temple_of_fire,
          minivault_4, uniq_sigmund
D:4:      layout_basic
D:5:      layout_layer_cave, grunt_dithmenos_shadows,
          biasface_ghost_orc_armoury, grunt_decor_cap
D:6:      layout_layer_cave, evilmike_ruin_ashenzari, serial_shops,
          nicolae_shop_tiny_real_fake_doors, kennysheep_small_square
D:7:      layout_gridville, marbit_many_paths,
          mainiacjoe_overflow_cross_hatched, minmay_temple_entry_proselytizer
D:8:      layout_loops_corners, eino_small_chamber_without_monster
D:9:      layout_loops_cross, nicolae_elemental_shop
D:10:     layout_rooms, david_lair_generic, nicolae_shop_i_like_small_books_too,
          minmay_radiant, uniq_joseph
D:11:     layout_small_grid
D:12:     layout_loops_ring, erik_orc_4, gauntlet_entry_generic, minivault_16,
          lemuel_flame_loot_1, uniq_azrael, uniq_kirke
D:13:     layout_irregular_city, hellmonk_vaults_order_and_chaos, serial_shops,
          statue_bzr, drop_trap, minmay_misc_feat_diagonals,
          minmay_mirror_moons_of_madness, uniq_nessos, uniq_frances
D:14:     layout_loops_ring, nicolae_benzene_ring
D:15:     gammafunk_depths_entry_grave, layout_basic, minmay_misc_feat_rugged
Lair:1:   layout_cave_pods, wad_woods_river_01
Lair:2:   layout_cave_shapes, nicolae_spider_entry_orb_guardian,
          beast_lair_carwin_8
Lair:3:   layout_gridlike, minmay_swamp_entry_worms, ldierk_geyser,
          dpeg_stationary_puzzle, grunt_megastairs_5
Lair:4:   layout_roguey, lemuel_fruit_tree, lemuel_fruit_fields,
          grunt_megastairs_3, serial_bayou_shore_a
Lair:5:   gammafunk_lair_ancient_temple, layout_cave_pods, slime_entry_1,
          dreamdust_gnoll_shepherd
Swamp:1:  layout_falls_marsh, portal_ice_cave_entry_horrid_things,
          evilmike_swamp_ruin_house_1, swamp_pool2, infiniplex_staircase_pool_2
Swamp:2:  nicolae_swamp_flooded_prison, layout_basic_swamp,
          evilmike_swamp_ruin_house_2, uniq_nikola
Swamp:3:  layout_basic_swamp, nicolae_swamp_tree_designs, uniq_donald
Swamp:4:  swamp_old_school, layout_basic_swamp, infiniplex_staircase_pool
Spider:1: layout_spider_delve
Spider:2: layout_spider_delve, hangedman_spider_tarantella_strand, uniq_arachne
Spider:3: layout_spider_delve
Spider:4: hellmonk_spider_rune_endless_swarm
Orc:1:    layout_diamond_mine, uniq_sonja
Orc:2:    st_orc_open, layout_diamond_mine, roderic_batcave
Elf:1:    elf_arrival_002, layout_geoelf_grid, minmay_elf_annihilation
Elf:2:    elven_hall_of_blades_hangedman_alternative
          [nicolae_blade_entry_crossed_weapons], layout_geoelf_octagon,
          roderic_lattice_octagonal_star
Elf:3:    grunt_elf_hall_branching, layout_geoelf_castle, uniq_zenata
Vaults:1: nicolae_vaults_two_Ls, vaults_room_corners,
          nicolae_vaults_network_barrier, nicolae_vaults_closet_pinwheel_6,
          nicolae_vaults_swerve, nicolae_vaults_security_offices_3,
          nicolae_vaults_mini_display_case, vaults_dpeg_cross,
          hangedman_vaults_nodes, vaults_room_grunt_arrival_ludios,
          nicolae_vaults_trapezoid_1, vaults_dpeg_emergency_exit,
          layout_vaults_omnicross, serial_shops, bzr_entry_road, shop
Vaults:2: vaults_room_fours, nicolae_vaults_wrenched, ontoclasm_vaults_fault,
          nicolae_vaults_ring_of_whatevers, v_rooms_5,
          nicolae_vaults_whirlpool_walls, dpeg_vaults_monster_box,
          nicolae_vaults_rhombus_6, nicolae_vaults_circle_grid_a,
          nicolae_vaults_little_squares_2, nicolae_vaults_yaktaur_gun_rack,
          minmay_crypt_entry_simple_walls, nicolae_vaults_little_squares_5,
          nicolae_vaults_storage_room_statues, layout_vaults_ring
Vaults:3: nicolae_vaults_thirteen_compartments, v_alt_pattern_6,
          nicolae_vaults_cornered_office, nicolae_vaults_network_quinsquares
          [nicolae_vaults_network_quincunx_subvault,
          nicolae_vaults_network_quincunx_subvault,
          nicolae_vaults_network_quincunx_subvault,
          nicolae_vaults_network_quincunx_subvault], vaults_mumra_minichess,
          layout_vaults_omnigrid, serial_shops, shop
Vaults:4: gammafunk_ghost_abyssal_escape, v_misc_10, nicolae_vaults_six-pack,
          vaults_dpeg_diagonal, nicolae_vaults_little_squares_3,
          ontoclasm_vaults_tryst, nicolae_vaults_stepped_doors,
          vaults_standard_mumra_lines, nicolae_vaults_wine_cellar,
          vaults_room_stairs_pillars, layout_vaults_maze_snakey
Vaults:5: serial_shops, uniq_mennas, uniq_mara
Depths:1: layout_gridlike, enter_ziggurat_f, corexii_corridor_pit, serial_shops,
          nicolae_shop_pleasant_corner_grove, lightli_too_deep, st_stairs_11,
          serial_bayou_pond_e, nzn_hepliaklqana_mist_gate, firewood_loft,
          minmay_shop_grove
Depths:2: minmay_the_grid_plus_closed [minmay_the_grid_spin_star,
          minmay_the_grid_holed_spiral, minmay_the_grid_minigrid_small_alt,
          minmay_the_grid_small_cups, minmay_the_grid_prize_inner_circle],
          layout_gridlike, grunt_hell_entry_dis_old, abyss_entry_flame_altar,
          serial_shops, shop, gammafunk_ghost_berserking_beasts,
          nicolae_concentric_dashed_squares_wild, pan_entry,
          nicolae_transmutations_shop, serial_sigils_hangedman_shear,
          guppyfry_shop_venom, infiniplex_staircase_zigzag_3
Depths:3: nicolae_fronds_of_death, layout_small_grid, hellmouth_1, abyss_entry,
          ploomutoo_gammafunk_ghost_potion_laboratory,
          infiniplex_staircase_pillars_3a
Depths:4: grunt_zot_entry_hairpin, layout_cave_pools,
          nicolae_abyss_entry_one_way_or_another, special_room
          [special_room_jelly], serial_shops, nicolae_shop_behind_doors,
          dk_noncrumbling_3, pf_hell_entry_tar_spiral
Zot:1:    layout_misc_corridors, regret_index_zotdec_banners
Zot:2:    layout_gridlike, skrybe_zot_glass_2, grunt_megastairs_2
Zot:3:    layout_concentric_octagons, uniq_vv
Zot:4:    layout_concentric_octagons, regret_index_zotdec_onion_hex,
          lemuel_golem_globe
Zot:5:    layout_misc_corridors, st_stairs_9

Notes
Turn   | Place    | Note
-------+----------+-------------------------------------------
     0 | D:1      | MackTheKnife the Draconian Warper began the quest for the
                  | Orb.
     0 | D:1      | Reached XP level 1. HP: 17/17 MP: 3/3
     0 | D:1      | magus.rc [v1.9.6]
   111 | D:1      | Reached skill level 1 in Stealth
   179 | D:1      | Reached XP level 2. HP: 19/24 MP: 5/5
   209 | D:1      | Learned a level 2 spell: Blink
   245 | D:1      | Found a faded altar of an unknown god.
   279 | D:1      | Reached skill level 2 in Stealth
   558 | D:1      | Reached XP level 3. HP: 24/29 MP: 6/6
   742 | D:1      | Found Ohid's General Store.
   785 | D:1      | Reached skill level 3 in Short Blades
  1485 | D:2      | Reached XP level 4. HP: 36/36 MP: 7/7
  1640 | D:2      | Found Buet's Distillery.
  1644 | D:2      | Bought a potion of curing for 39 gold pieces
  2192 | D:3      | Found a bloodstained altar of Trog.
  2319 | D:3      | Reached skill level 4 in Short Blades
  2709 | D:3      | Noticed Sigmund
  2838 | D:4      | Reached XP level 5. HP: 30/41 MP: 8/8
  3345 | D:4      | Reached skill level 5 in Short Blades
  3412 | D:4      | Noticed a black bear
  3414 | D:4      | You pick up a book of Fire and begin reading...
  3414 | D:4      | You add the spells Foxfire, Plasma Beam and Starburst to
                  | your library.
  3584 | D:5      | Entered Level 5 of the Dungeon
  3598 | D:5      | Found a runed translucent gate.
  3598 | D:5      | Found a runed translucent gate.
  3598 | D:5      | Found a runed translucent gate.
  3600 | D:5      | Noticed Maratek's ghost (novice OpFi)
  3606 | D:5      | Identified the +0 scale mail of Leapfrog {rElec Str+5}
  3624 | D:4      | Reached XP level 6. HP: 50/50 MP: 9/9
  3866 | D:5      | You pick up a book of Geomancy and begin reading...
  3866 | D:5      | You add the spells Sandblast, Passwall, Stone Arrow and
                  | Brom's Barrelling Boulder to your library.
  3891 | D:4      | Reached skill level 3 in Fighting
  3961 | D:4      | Reached skill level 6 in Short Blades
  4347 | D:5      | Reached skill level 4 in Fighting
  4347 | D:5      | Your scales start taking on an icy white colour.
  4347 | D:5      | Reached XP level 7. HP: 55/59 MP: 10/10
  4347 | D:5      | Gained mutation: Your flesh is cold resistant. (rC+) [White
                  | Draconian growth]
  4388 | D:5      | Identified the +9 dagger of Sulphur {heavy, rElec rC- Str+8
                  | Int-3}
  4728 | D:5      | Found a shadowy altar of Dithmenos.
  5025 | D:6      | Reached skill level 5 in Fighting
  5061 | D:6      | Reached skill level 3 in Dodging
  5273 | D:6      | Found a broken altar of Ashenzari.
  5279 | D:6      | Became a worshipper of Ashenzari the Shackled
  5322 | D:6      | Reached skill level 6 in Fighting
  5389 | D:6      | Reached XP level 8. HP: 70/70 MP: 11/11
  5403 | D:6      | Reached skill level 4 in Dodging
  6035 | D:6      | Reached skill level 7 in Fighting
  6146 | D:6      | Reached skill level 5 in Dodging
  6281 | D:6      | Found Xohapp's Jewellery Shop.
  6289 | D:6      | Bought a ring of poison resistance for 240 gold pieces
  6329 | D:6      | You pick up a book of the Tundra and begin reading...
  6329 | D:6      | You add the spells Hailstorm, Summon Ice Beast and
                  | Simulacrum to your library.
  6596 | D:7      | Found a basalt altar of Yredelemnul.
  6654 | D:7      | You pick up a book of Displacement and begin reading...
  6926 | D:7      | Reached * piety under Ashenzari
  6943 | D:6      | Reached skill level 8 in Fighting
  6958 | D:7      | Learned a level 3 spell: Gell's Gravitas
  7046 | D:7      | Reached skill level 6 in Dodging
  7061 | D:7      | Reached skill level 1 in Shapeshifting
  7061 | D:7      | Reached XP level 9. HP: 81/81 MP: 12/12
  7204 | D:7      | Found a staircase to the Ecumenical Temple.
  7387 | D:6      | Reached skill level 2 in Shapeshifting
  7975 | D:7      | Found an ancient bone altar of Kikubaaqudgha.
  8097 | D:8      | Reached skill level 3 in Shapeshifting
  8218 | D:8      | Reached skill level 7 in Dodging
  8618 | D:8      | Reached skill level 4 in Shapeshifting
  8661 | D:8      | You pick up a book of Dreams and begin reading...
  8661 | D:8      | You add the spells Jinxbite, Ensorcelled Hibernation and
                  | Anguish to your library.
  8693 | D:8      | Reached ** piety under Ashenzari
  8850 | D:8      | Reached skill level 5 in Shapeshifting
  9342 | D:9      | Reached skill level 6 in Shapeshifting
  9720 | D:9      | Reached XP level 10. HP: 80/88 MP: 13/13
  9776 | D:9      | Reached skill level 7 in Shapeshifting
  9941 | D:9      | Found Guec's Elemental Accessories.
 10135 | D:10     | Entered Level 10 of the Dungeon
 10136 | D:10     | Noticed a two-headed ogre
 10177 | D:10     | Noticed a boulder beetle
 10195 | D:10     | Killed a boulder beetle
 10196 | D:10     | Reached skill level 8 in Shapeshifting
 10340 | D:10     | Found a staircase to the Lair.
 10341 | D:10     | Noticed an elephant
 10369 | D:9      | Killed an elephant
 10468 | D:10     | Reached *** piety under Ashenzari
 10498 | D:10     | Found Feumit's Tiny Tomes.
 10516 | D:10     | Reached skill level 8 in Dodging
 10529 | D:10     | Killed a two-headed ogre
 10546 | D:10     | Noticed Joseph
 10843 | D:10     | Killed Joseph
 10927 | D:10     | Reached skill level 9 in Fighting
 10997 | D:10     | Noticed a gargoyle
 11054 | D:10     | Noticed a rakshasa
 11115 | Lair:1   | Entered Level 1 of the Lair of Beasts
 11151 | Lair:1   | Reached XP level 11. HP: 102/102 MP: 15/15
 11321 | Lair:1   | Reached skill level 10 in Fighting
 11432 | Lair:1   | Reached skill level 1 in Ice Magic
 11475 | Lair:1   | Reached skill level 1 in Conjurations
 11475 | Lair:1   | Reached skill level 1 in Air Magic
 11539 | Lair:1   | Reached skill level 2 in Ice Magic
 11549 | Lair:1   | Noticed a death yak
 11549 | Lair:1   | Noticed a death yak
 11605 | Lair:1   | Killed a death yak
 11606 | Lair:1   | Reached skill level 3 in Spellcasting
 11606 | Lair:1   | Reached skill level 2 in Conjurations
 11606 | Lair:1   | Reached skill level 2 in Air Magic
 11736 | Lair:1   | Noticed a death yak
 11772 | Lair:1   | Killed a death yak
 11773 | Lair:1   | Reached skill level 3 in Ice Magic
 11775 | Lair:1   | Killed a death yak
 11811 | Lair:1   | Reached skill level 3 in Conjurations
 11821 | Lair:1   | Reached skill level 3 in Air Magic
 11849 | Lair:1   | Reached skill level 4 in Ice Magic
 12231 | Lair:1   | Reached skill level 4 in Spellcasting
 12541 | Lair:1   | Reached skill level 4 in Conjurations
 12541 | Lair:1   | Reached skill level 4 in Air Magic
 12903 | D:9      | Bought the Grimoire of the Tundra for 340 gold pieces
 12903 | D:9      | You add the spells Freeze and Freezing Cloud to your
                  | library.
 12909 | D:9      | Learned a level 5 spell: Freezing Cloud
 12957 | D:10     | Reached skill level 5 in Ice Magic
 13000 | Lair:1   | magus.rc [v1.9.6]
 13096 | Lair:2   | Reached XP level 12. HP: 112/112 MP: 19/21
 13119 | Lair:2   | Noticed a catoblepas
 13147 | Lair:1   | Killed a catoblepas
 13472 | Lair:2   | Noticed a seven-headed hydra
 13490 | Lair:2   | Killed a seven-headed hydra
 13491 | Lair:2   | Reached skill level 5 in Spellcasting
 13558 | Lair:2   | Found a hole to the Spider Nest.
 13570 | Lair:2   | Reached skill level 5 in Conjurations
 13570 | Lair:2   | Reached skill level 6 in Ice Magic
 13586 | Lair:2   | Reached skill level 5 in Air Magic
 14022 | Lair:2   | Reached skill level 7 in Ice Magic
 14177 | Lair:2   | Reached skill level 6 in Conjurations
 14388 | Lair:2   | Reached skill level 6 in Air Magic
 14480 | Lair:3   | Noticed a five-headed hydra
 14557 | Lair:3   | Killed a five-headed hydra
 14879 | Lair:3   | Noticed a four-headed hydra
 14891 | Lair:3   | Killed a four-headed hydra
 15070 | Lair:3   | Reached skill level 8 in Ice Magic
 15121 | Lair:3   | Reached **** piety under Ashenzari
 15157 | Lair:3   | Reached skill level 9 in Ice Magic
 15313 | Lair:3   | Found a staircase to the Swamp.
 15761 | Lair:3   | Reached XP level 13. HP: 114/122 MP: 10/25
 15858 | Lair:4   | Reached skill level 10 in Ice Magic
 15869 | Lair:4   | Learned a level 4 spell: Vhi's Electric Charge
 15962 | Lair:4   | Learned a level 4 spell: Summon Ice Beast
 15991 | Lair:4   | You add the spells Ignite Poison, Sticky Flame and Ignition
                  | to your library.
 16042 | Lair:4   | Reached skill level 1 in Summonings
 16195 | Lair:4   | Reached skill level 2 in Summonings
 16282 | Lair:4   | Reached ***** piety under Ashenzari
 16292 | Lair:4   | Reached skill level 3 in Summonings
 16478 | Lair:4   | Identified a scroll of acquirement
 16487 | Lair:4   | Acquired Ozocubu's Autobiography
 16488 | Lair:4   | You add the spells Ozocubu's Armour and Ozocubu's
                  | Refrigeration to your library.
 16910 | Lair:5   | Entered Level 5 of the Lair of Beasts
 16918 | Lair:5   | Reached skill level 11 in Ice Magic
 17360 | Lair:5   | Reached skill level 12 in Ice Magic
 17540 | Lair:5   | Found a staircase to the Slime Pits.
 17556 | Lair:5   | Reached skill level 13 in Ice Magic
 17623 | Lair:5   | Reached skill level 14 in Ice Magic
 17668 | Lair:5   | Learned a level 7 spell: Ozocubu's Refrigeration
 17776 | Lair:5   | Reached skill level 15 in Ice Magic
 18085 | Lair:5   | Reached XP level 14. HP: 122/133 MP: 27/27
 19042 | D:10     | Reached skill level 16 in Ice Magic
 19073 | D:10     | You pick up a book of Blood and begin reading...
 19073 | D:10     | You add the spells Sublimation of Blood, Wereblood and
                  | Summon Hydra to your library.
 19327 | D:11     | You pick up a book of Displacement and begin reading...
 19541 | D:11     | Reached skill level 9 in Dodging
 19680 | D:11     | You pick up a book of the Moon and begin reading...
 19680 | D:11     | You add the spells Passage of Golubria, Silence and
                  | Lehudib's Crystal Spear to your library.
 20018 | D:12     | Noticed Kirke
 20058 | D:12     | Reached skill level 7 in Short Blades
 20078 | D:12     | Noticed Azrael
 20081 | D:12     | Killed Azrael
 20082 | D:12     | Reached skill level 11 in Fighting
 20117 | D:12     | Found a gate leading to a gauntlet.
 20121 | Gauntlet | Entered a Gauntlet
 20121 | Gauntlet | Found a transporter.
 20135 | Gauntlet | Found a transporter.
 20138 | Gauntlet | Found a transporter.
 20147 | Gauntlet | Found a transporter.
 20150 | Gauntlet | Found a transporter.
 20154 | Gauntlet | Found a runed translucent door.
 20154 | Gauntlet | Found a runed translucent door.
 20158 | Gauntlet | Found a transporter.
 20162 | Gauntlet | Found a transporter.
 20164 | Gauntlet | Noticed a reaper
 20174 | Gauntlet | Found a transporter.
 20175 | Gauntlet | Found a transporter.
 20182 | Gauntlet | Found a transporter.
 20188 | Gauntlet | Identified the ring "Ulowe" {rCorr Int+2}
 20203 | Gauntlet | Found a transporter.
 20215 | Gauntlet | Found a transporter.
 20227 | Gauntlet | Found a transporter.
 20239 | Gauntlet | Found a transporter.
 20787 | Gauntlet | Acquired the ring "Vidweciwn" {Wiz rPois Int+2 Slay+3}
 20794 | Gauntlet | Identified the ring of Bahoh {rC+ Str+2 Dex+2}
 20923 | Gauntlet | You add the spells Alistair's Intoxication, Borgnjor's Vile
                  | Clutch and Eringya's Noxious Bog to your library.
 21058 | Gauntlet | Learned a level 6 spell: Simulacrum
 21182 | D:12     | Reached skill level 3 in Stealth
 21183 | D:12     | Killed Kirke
 21244 | D:12     | Reached skill level 4 in Stealth
 21472 | D:12     | Found a staircase to the Orcish Mines.
 21926 | Orc:1    | Entered Level 1 of the Orcish Mines
 21929 | Orc:1    | Reached skill level 10 in Dodging
 22010 | Orc:1    | Reached skill level 5 in Stealth
 22096 | Orc:1    | Noticed Sonja
 22098 | Orc:1    | Killed Sonja
 22396 | Orc:2    | Entered Level 2 of the Orcish Mines
 22464 | Orc:2    | Noticed an orc warlord
 22487 | Orc:2    | Killed an orc warlord
 22518 | Orc:2    | Reached skill level 6 in Stealth
 22685 | Orc:2    | Found a staircase to the Elven Halls.
 22921 | Orc:2    | Found Vydeqyf's Armour Boutique.
 22957 | Orc:2    | Reached XP level 15. HP: 141/141 MP: 15/28
 23137 | Orc:2    | Reached skill level 7 in Stealth
 23419 | Orc:2    | Found Cugifead's Distillery.
 23426 | Orc:2    | Found Wommeuz's Distillery.
 23436 | Orc:2    | Reached skill level 11 in Dodging
 23438 | Orc:2    | Found Nobuz's Jewellery Shop.
 23594 | Orc:2    | Bought the +0 cloak of the Onion {Int+9} for 516 gold
                  | pieces
 23657 | Orc:2    | Bought 2 potions of haste for 320 gold pieces
 23657 | Orc:2    | Bought a potion of enlightenment for 80 gold pieces
 23663 | Orc:2    | Bought a potion of haste for 140 gold pieces
 23733 | Orc:1    | Reached skill level 6 in Spellcasting
 23879 | D:12     | magus.rc [v1.9.6]
 23944 | D:13     | Reached skill level 1 in Necromancy
 24008 | D:13     | Identified the +4 helmet of Qazlal's Approval {rF+ Dex+3}
 24103 | D:13     | Reached skill level 2 in Necromancy
 24352 | D:13     | Found a gate to the Vaults.
 24367 | D:13     | Reached skill level 7 in Spellcasting
 24367 | D:13     | Reached skill level 3 in Necromancy
 24522 | D:13     | Identified the flux talisman of the Moon {+Blink rN+ Dex+4}
 24547 | D:13     | Found a gateway to a bazaar.
 24575 | Bazaar   | Entered a bazaar
 24582 | Bazaar   | Found Umoorisu's Book Boutique.
 24607 | Bazaar   | Found Bing's Distillery.
 24626 | Bazaar   | Found Ehuasch's Weapon Shop.
 24626 | Bazaar   | Found Wujocota's Distillery.
 24656 | Bazaar   | Bought a potion of heal wounds for 40 gold pieces
 24656 | Bazaar   | Bought a potion of heal wounds for 40 gold pieces
 24694 | Bazaar   | Bought a potion of heal wounds for 50 gold pieces
 24694 | Bazaar   | Bought a potion of cancellation for 80 gold pieces
 24694 | Bazaar   | Bought a potion of ambrosia for 80 gold pieces
 24694 | Bazaar   | Bought a potion of brilliance for 40 gold pieces
 24694 | Bazaar   | Bought a potion of invisibility for 80 gold pieces
 24694 | Bazaar   | Bought a potion of invisibility for 80 gold pieces
 24709 | Bazaar   | Bought a potion of haste for 80 gold pieces
 24709 | Bazaar   | Bought a potion of curing for 24 gold pieces
 24886 | D:13     | Noticed Frances
 24901 | D:13     | Killed Frances
 25118 | D:13     | Reached skill level 4 in Necromancy
 25474 | D:13     | Noticed Nessos
 25479 | D:13     | Killed Nessos
 25710 | D:13     | Reached skill level 1 in Evocations
 26200 | D:14     | Reached skill level 2 in Evocations
 26234 | D:14     | Reached skill level 3 in Evocations
 27006 | Orc:2    | Bought a ring of willpower for 400 gold pieces
 27333 | D:15     | Entered Level 15 of the Dungeon
 27374 | D:15     | Reached skill level 4 in Evocations
 27409 | D:15     | Reached skill level 5 in Evocations
 27545 | D:15     | Reached skill level 6 in Evocations
 27878 | D:15     | Reached skill level 7 in Evocations
 27898 | D:15     | Reached XP level 16. HP: 95/149 MP: 31/31
 28238 | D:15     | Found a staircase to the Depths.
 28263 | D:15     | Reached skill level 1 in Shields
 28469 | D:15     | Reached skill level 2 in Shields
 28649 | D:15     | Reached skill level 3 in Shields
 28685 | D:15     | You pick up a book of Debilitation and begin reading...
 28685 | D:15     | You add the spells Slow, Sigil of Binding, Vampiric
                  | Draining and Confusing Touch to your library.
 28888 | D:15     | You pick up a book of Frost and begin reading...
 29426 | D:15     | Learned a level 2 spell: Wereblood
 29432 | D:15     | Learned a level 5 spell: Borgnjor's Vile Clutch
 29650 | Spider:4 | Identified the "Cyus"
 29650 | Swamp:1  | Entered Level 1 of the Swamp
 29653 | Swamp:1  | Reached skill level 4 in Shields
 29662 | Swamp:1  | Reached skill level 1 in Earth Magic
 29728 | Swamp:1  | Reached skill level 2 in Earth Magic
 29985 | Swamp:1  | Found a frozen archway.
 29991 | IceCv    | Entered an ice cave
 30004 | IceCv    | Learned a level 3 spell: Stone Arrow
 30023 | IceCv    | Reached skill level 5 in Shields
 30073 | IceCv    | Reached skill level 3 in Earth Magic
 30319 | IceCv    | magus.rc [v1.9.6]
 30477 | IceCv    | Reached skill level 8 in Spellcasting
 31100 | IceCv    | Identified the amulet "Iseic" {Faith rElec rC+}
 31217 | Swamp:1  | Reached skill level 9 in Spellcasting
 32582 | Swamp:2  | Reached skill level 8 in Short Blades
 32948 | Swamp:2  | Reached skill level 9 in Short Blades
 33306 | Swamp:2  | Identified the +1 chain mail of Hepliaklqana's Pride
                  | {+Blink Will- Str+3 Int+9}
 33587 | Swamp:2  | Reached skill level 10 in Short Blades
 33644 | Swamp:2  | Reached XP level 17. HP: 109/156 MP: 4/35
 33819 | Swamp:2  | Reached skill level 6 in Shields
 33865 | Swamp:2  | Identified the cursed +3 rapier of the Tethered Servitude
                  | {spect, short, Fort, Melee} (You found it on level 13 of
                  | the Dungeon)
 33964 | Swamp:2  | Noticed Nikola
 33970 | Swamp:2  | Killed Nikola
 34054 | Swamp:2  | Reached skill level 7 in Shields
 34289 | Swamp:3  | Identified the +2 buckler "Fistreru" {Str+3 Dex+3 Slay-2}
 34493 | Swamp:3  | Reached skill level 8 in Shields
 34538 | Swamp:3  | Identified the cursed +3 rapier of the Tethered Servitude
                  | {spect, short, Fort, Melee} (You found it on level 13 of
                  | the Dungeon)
 34548 | Swamp:3  | Identified the cursed +3 rapier of the Tethered Servitude
                  | {spect, short, Fort, Melee} (You found it on level 13 of
                  | the Dungeon)
 34615 | Swamp:3  | Identified the cursed +3 rapier of the Tethered Servitude
                  | {spect, short, Fort, Melee} (You found it on level 13 of
                  | the Dungeon)
 34627 | Swamp:3  | Noticed Donald
 34633 | Swamp:3  | Killed Donald
 34772 | Swamp:3  | Identified the cursed +3 rapier of the Tethered Servitude
                  | {spect, short, Fort, Melee} (You found it on level 13 of
                  | the Dungeon)
 34775 | Swamp:3  | Identified the cursed +3 rapier of the Tethered Servitude
                  | {spect, short, Fort, Melee} (You found it on level 13 of
                  | the Dungeon)
 34779 | Swamp:3  | Identified the cursed +3 rapier of the Tethered Servitude
                  | {spect, short, Fort, Melee} (You found it on level 13 of
                  | the Dungeon)
 34843 | Swamp:3  | Reached skill level 9 in Shields
 35148 | Swamp:4  | Entered Level 4 of the Swamp
 35151 | Swamp:4  | Identified the cursed +3 rapier of the Tethered Servitude
                  | {spect, short, Fort, Melee} (You found it on level 13 of
                  | the Dungeon)
 35158 | Swamp:3  | Identified the cursed +3 rapier of the Tethered Servitude
                  | {spect, short, Fort, Melee} (You found it on level 13 of
                  | the Dungeon)
 35160 | Swamp:3  | Identified the cursed +3 rapier of the Tethered Servitude
                  | {spect, short, Fort, Melee} (You found it on level 13 of
                  | the Dungeon)
 35227 | Swamp:4  | Identified the cursed +3 rapier of the Tethered Servitude
                  | {spect, short, Fort, Melee} (You found it on level 13 of
                  | the Dungeon)
 35280 | Swamp:4  | Identified the cursed +3 rapier of the Tethered Servitude
                  | {spect, short, Fort, Melee} (You found it on level 13 of
                  | the Dungeon)
 35282 | Swamp:4  | Identified the cursed +3 rapier of the Tethered Servitude
                  | {spect, short, Fort, Melee} (You found it on level 13 of
                  | the Dungeon)
 35291 | Swamp:4  | Identified the cursed +3 rapier of the Tethered Servitude
                  | {spect, short, Fort, Melee} (You found it on level 13 of
                  | the Dungeon)
 35294 | Swamp:4  | Identified the cursed +3 rapier of the Tethered Servitude
                  | {spect, short, Fort, Melee} (You found it on level 13 of
                  | the Dungeon)
 35295 | Swamp:4  | Identified the cursed +3 rapier of the Tethered Servitude
                  | {spect, short, Fort, Melee} (You found it on level 13 of
                  | the Dungeon)
 35457 | Swamp:4  | Reached skill level 10 in Shields
 35479 | Swamp:4  | Identified the cursed +3 rapier of the Tethered Servitude
                  | {spect, short, Fort, Melee} (You found it on level 13 of
                  | the Dungeon)
 35495 | Swamp:4  | Identified the cursed +3 rapier of the Tethered Servitude
                  | {spect, short, Fort, Melee} (You found it on level 13 of
                  | the Dungeon)
 35673 | Swamp:4  | Identified the cursed +3 rapier of the Tethered Servitude
                  | {spect, short, Fort, Melee} (You found it on level 13 of
                  | the Dungeon)
 35687 | Swamp:4  | Identified the +0 scale mail of Disaster {Slay+2}
 35776 | Swamp:4  | Identified the cursed +3 rapier of the Tethered Servitude
                  | {spect, short, Fort, Melee} (You found it on level 13 of
                  | the Dungeon)
 35789 | Swamp:4  | Identified the cursed +3 rapier of the Tethered Servitude
                  | {spect, short, Fort, Melee} (You found it on level 13 of
                  | the Dungeon)
 35793 | Swamp:4  | Reached skill level 11 in Shields
 35820 | Swamp:4  | Identified the cursed +3 rapier of the Tethered Servitude
                  | {spect, short, Fort, Melee} (You found it on level 13 of
                  | the Dungeon)
 35835 | Swamp:4  | Identified the cursed +3 rapier of the Tethered Servitude
                  | {spect, short, Fort, Melee} (You found it on level 13 of
                  | the Dungeon)
 35846 | Swamp:4  | Identified the orb "Melaow" {light, rElec}
 35855 | Swamp:4  | Identified the cursed +3 rapier of the Tethered Servitude
                  | {spect, short, Fort, Melee} (You found it on level 13 of
                  | the Dungeon)
 36068 | Swamp:4  | Identified the cursed +3 rapier of the Tethered Servitude
                  | {spect, short, Fort, Melee} (You found it on level 13 of
                  | the Dungeon)
 36068 | Swamp:4  | Noticed the 27-headed Lernaean hydra
 36073 | Swamp:4  | Killed the 27-headed Lernaean hydra
 36098 | Swamp:4  | Identified the cursed +3 rapier of the Tethered Servitude
                  | {spect, short, Fort, Melee} (You found it on level 13 of
                  | the Dungeon)
 36203 | Swamp:4  | Identified the cursed +3 rapier of the Tethered Servitude
                  | {spect, short, Fort, Melee} (You found it on level 13 of
                  | the Dungeon)
 36205 | Swamp:4  | Identified the cursed +3 rapier of the Tethered Servitude
                  | {spect, short, Fort, Melee} (You found it on level 13 of
                  | the Dungeon)
 36244 | Swamp:4  | Got a decaying rune of Zot
 36450 | Swamp:4  | Identified the cursed +3 rapier of the Tethered Servitude
                  | {spect, short, Fort, Melee} (You found it on level 13 of
                  | the Dungeon)
 36454 | Swamp:4  | Identified the cursed +3 rapier of the Tethered Servitude
                  | {spect, short, Fort, Melee} (You found it on level 13 of
                  | the Dungeon)
 36976 | Vaults:2 | Identified the "Zipreyfa"
 36976 | Crypt:3  | Identified the "Homifofe"
 36976 | Crypt:3  | Identified the "Daucwutt"
 36976 | Depths:2 | Identified the "Zaseqone"
 36976 | Elf:1    | Identified the "Elemuexos"
 36976 | Elf:1    | Entered Level 1 of the Elven Halls
 37273 | Elf:1    | Reached skill level 12 in Dodging
 37316 | Elf:1    | Identified the cursed +3 rapier of the Tethered Servitude
                  | {spect, short, Fort, Melee} (You found it on level 13 of
                  | the Dungeon)
 37361 | Elf:1    | Identified the cursed +3 rapier of the Tethered Servitude
                  | {spect, short, Fort, Melee} (You found it on level 13 of
                  | the Dungeon)
 37367 | Elf:1    | Identified the cursed +3 rapier of the Tethered Servitude
                  | {spect, short, Fort, Melee} (You found it on level 13 of
                  | the Dungeon)
 37370 | Elf:1    | Identified the cursed +3 rapier of the Tethered Servitude
                  | {spect, short, Fort, Melee} (You found it on level 13 of
                  | the Dungeon)
 37463 | Elf:1    | Identified the cursed +3 rapier of the Tethered Servitude
                  | {spect, short, Fort, Melee} (You found it on level 13 of
                  | the Dungeon)
 37465 | Elf:1    | Reached XP level 18. HP: 150/166 MP: 33/36
 37548 | Elf:1    | Identified the cursed +3 rapier of the Tethered Servitude
                  | {spect, short, Fort, Melee} (You found it on level 13 of
                  | the Dungeon)
 37572 | Elf:1    | Reached ****** piety under Ashenzari
 37629 | Elf:1    | Identified the cursed +3 rapier of the Tethered Servitude
                  | {spect, short, Fort, Melee} (You found it on level 13 of
                  | the Dungeon)
 37632 | Elf:1    | Identified the cursed +3 rapier of the Tethered Servitude
                  | {spect, short, Fort, Melee} (You found it on level 13 of
                  | the Dungeon)
 37634 | Elf:1    | Identified the cursed +3 rapier of the Tethered Servitude
                  | {spect, short, Fort, Melee} (You found it on level 13 of
                  | the Dungeon)
 37819 | Elf:1    | Paralysed by an air elemental for 1 turns
 37821 | Elf:1    | Reached skill level 10 in Spellcasting
 38180 | Elf:2    | Identified the cursed +3 rapier of the Tethered Servitude
                  | {spect, short, Fort, Melee} (You found it on level 13 of
                  | the Dungeon)
 38183 | Elf:2    | Identified the cursed +3 rapier of the Tethered Servitude
                  | {spect, short, Fort, Melee} (You found it on level 13 of
                  | the Dungeon)
 38186 | Elf:2    | Identified the cursed +3 rapier of the Tethered Servitude
                  | {spect, short, Fort, Melee} (You found it on level 13 of
                  | the Dungeon)
 38188 | Elf:2    | Identified the cursed +3 rapier of the Tethered Servitude
                  | {spect, short, Fort, Melee} (You found it on level 13 of
                  | the Dungeon)
 38296 | Elf:2    | Identified the cursed +3 rapier of the Tethered Servitude
                  | {spect, short, Fort, Melee} (You found it on level 13 of
                  | the Dungeon)
 38340 | Elf:2    | Identified the cursed +3 rapier of the Tethered Servitude
                  | {spect, short, Fort, Melee} (You found it on level 13 of
                  | the Dungeon)
 38345 | Elf:2    | Identified the cursed +3 rapier of the Tethered Servitude
                  | {spect, short, Fort, Melee} (You found it on level 13 of
                  | the Dungeon)
 38412 | Elf:2    | Identified the cursed +3 rapier of the Tethered Servitude
                  | {spect, short, Fort, Melee} (You found it on level 13 of
                  | the Dungeon)
 38414 | Elf:2    | Reached skill level 11 in Spellcasting
 38415 | Elf:2    | Identified the cursed +3 rapier of the Tethered Servitude
                  | {spect, short, Fort, Melee} (You found it on level 13 of
                  | the Dungeon)
 38548 | Elf:2    | Identified the cursed +3 rapier of the Tethered Servitude
                  | {spect, short, Fort, Melee} (You found it on level 13 of
                  | the Dungeon)
 38551 | Elf:2    | Identified the cursed +3 rapier of the Tethered Servitude
                  | {spect, short, Fort, Melee} (You found it on level 13 of
                  | the Dungeon)
 38576 | Elf:2    | Identified the cursed +3 rapier of the Tethered Servitude
                  | {spect, short, Fort, Melee} (You found it on level 13 of
                  | the Dungeon)
 38579 | Elf:2    | Identified the cursed +3 rapier of the Tethered Servitude
                  | {spect, short, Fort, Melee} (You found it on level 13 of
                  | the Dungeon)
 38586 | Elf:2    | Identified the cursed +3 rapier of the Tethered Servitude
                  | {spect, short, Fort, Melee} (You found it on level 13 of
                  | the Dungeon)
 38591 | Elf:2    | Identified the cursed +3 rapier of the Tethered Servitude
                  | {spect, short, Fort, Melee} (You found it on level 13 of
                  | the Dungeon)
 38688 | Elf:2    | Identified the cursed +3 rapier of the Tethered Servitude
                  | {spect, short, Fort, Melee} (You found it on level 13 of
                  | the Dungeon)
 38695 | Elf:2    | Identified the cursed +3 rapier of the Tethered Servitude
                  | {spect, short, Fort, Melee} (You found it on level 13 of
                  | the Dungeon)
 38699 | Elf:2    | Identified the cursed +3 rapier of the Tethered Servitude
                  | {spect, short, Fort, Melee} (You found it on level 13 of
                  | the Dungeon)
 38701 | Elf:2    | Identified the cursed +3 rapier of the Tethered Servitude
                  | {spect, short, Fort, Melee} (You found it on level 13 of
                  | the Dungeon)
 38706 | Elf:2    | Reached skill level 12 in Spellcasting
 38716 | Elf:2    | Identified the cursed +3 rapier of the Tethered Servitude
                  | {spect, short, Fort, Melee} (You found it on level 13 of
                  | the Dungeon)
 38797 | Elf:2    | Identified the cursed +3 rapier of the Tethered Servitude
                  | {spect, short, Fort, Melee} (You found it on level 13 of
                  | the Dungeon)
 38908 | Elf:2    | Identified the cursed +3 rapier of the Tethered Servitude
                  | {spect, short, Fort, Melee} (You found it on level 13 of
                  | the Dungeon)
 38910 | Elf:2    | Identified the cursed +3 rapier of the Tethered Servitude
                  | {spect, short, Fort, Melee} (You found it on level 13 of
                  | the Dungeon)
 38912 | Elf:2    | Reached skill level 12 in Fighting
 38943 | Elf:2    | Found a huge runed translucent gate.
 38943 | Elf:2    | Found a huge runed translucent gate.
 38944 | Elf:2    | Found a huge runed translucent gate.
 38947 | Elf:2    | Found a huge runed translucent gate.
 38948 | Elf:2    | Identified the cursed +3 rapier of the Tethered Servitude
                  | {spect, short, Fort, Melee} (You found it on level 13 of
                  | the Dungeon)
 38964 | Elf:2    | Found a huge runed translucent gate.
 38975 | Elf:2    | Identified the cursed +3 rapier of the Tethered Servitude
                  | {spect, short, Fort, Melee} (You found it on level 13 of
                  | the Dungeon)
 39167 | Elf:2    | Identified the cursed +3 rapier of the Tethered Servitude
                  | {spect, short, Fort, Melee} (You found it on level 13 of
                  | the Dungeon)
 39291 | Elf:2    | magus.rc [v1.9.6]
 39327 | Elf:3    | Identified the "Uplimm"
 39327 | Elf:3    | Entered Level 3 of the Elven Halls
 39329 | Elf:3    | Identified the cursed +3 rapier of the Tethered Servitude
                  | {spect, short, Fort, Melee} (You found it on level 13 of
                  | the Dungeon)
 39429 | Elf:3    | Reached skill level 5 in Necromancy
 39470 | Elf:3    | Noticed Zenata
 39493 | Elf:3    | Zenata changed into Zenata the azure jelly
 39493 | Elf:3    | Noticed Zenata
 39500 | Elf:3    | HP: 43/172 [Zenata the azure jelly (2)]
 39788 | Elf:3    | Killed Zenata the azure jelly
 39940 | Elf:3    | Identified the cursed +3 rapier of the Tethered Servitude
                  | {spect, short, Fort, Melee} (You found it on level 13 of
                  | the Dungeon)
 40379 | Elf:3    | Identified the cursed +3 rapier of the Tethered Servitude
                  | {spect, short, Fort, Melee} (You found it on level 13 of
                  | the Dungeon)
 40384 | Elf:3    | Identified the cursed +3 rapier of the Tethered Servitude
                  | {spect, short, Fort, Melee} (You found it on level 13 of
                  | the Dungeon)
 40428 | Elf:3    | Identified the cursed +3 rapier of the Tethered Servitude
                  | {spect, short, Fort, Melee} (You found it on level 13 of
                  | the Dungeon)
 40517 | Elf:3    | Identified the cursed +3 rapier of the Tethered Servitude
                  | {spect, short, Fort, Melee} (You found it on level 13 of
                  | the Dungeon)
 40519 | Elf:3    | Identified the cursed +3 rapier of the Tethered Servitude
                  | {spect, short, Fort, Melee} (You found it on level 13 of
                  | the Dungeon)
 40753 | Elf:3    | Identified the +8 rapier "Boifask" {holy, rF+ Str+2 Dex+3}
 40759 | Elf:3    | Identified the cursed +3 rapier of the Tethered Servitude
                  | {spect, short, Fort, Melee} (You found it on level 13 of
                  | the Dungeon)
 40761 | Elf:3    | Reached skill level 13 in Fighting
 41003 | Elf:3    | Reached skill level 17 in Ice Magic
 41017 | Elf:3    | Identified the +6 broad axe "Kiohaw" {flame, rPois rF+
                  | Str+3 Int-4}
 41018 | Elf:3    | You are cast into the Abyss!
 41018 | Abyss:2  | Cast into level 2 of the Abyss (a deep elf sorcerer)
 41052 | Abyss:2  | Identified the cursed +3 rapier of the Tethered Servitude
                  | {spect, short, Fort, Melee} (You found it on level 13 of
                  | the Dungeon)
 41054 | Abyss:2  | Identified the cursed +3 rapier of the Tethered Servitude
                  | {spect, short, Fort, Melee} (You found it on level 13 of
                  | the Dungeon)
 41064 | Abyss:2  | Identified the cursed +3 rapier of the Tethered Servitude
                  | {spect, short, Fort, Melee} (You found it on level 13 of
                  | the Dungeon)
 41068 | Abyss:2  | Identified the cursed +3 rapier of the Tethered Servitude
                  | {spect, short, Fort, Melee} (You found it on level 13 of
                  | the Dungeon)
 41105 | Abyss:2  | Identified the cursed +3 rapier of the Tethered Servitude
                  | {spect, short, Fort, Melee} (You found it on level 13 of
                  | the Dungeon)
 41187 | Abyss:2  | Identified the cursed +3 rapier of the Tethered Servitude
                  | {spect, short, Fort, Melee} (You found it on level 13 of
                  | the Dungeon)
 41279 | Abyss:2  | Identified the cursed +3 rapier of the Tethered Servitude
                  | {spect, short, Fort, Melee} (You found it on level 13 of
                  | the Dungeon)
 41286 | Abyss:2  | Identified the cursed +3 rapier of the Tethered Servitude
                  | {spect, short, Fort, Melee} (You found it on level 13 of
                  | the Dungeon)
 41289 | Abyss:2  | Identified the cursed +3 rapier of the Tethered Servitude
                  | {spect, short, Fort, Melee} (You found it on level 13 of
                  | the Dungeon)
 41305 | Abyss:2  | Found a corrupted altar of Lugonu.
 41331 | Abyss:2  | Identified the cursed +3 rapier of the Tethered Servitude
                  | {spect, short, Fort, Melee} (You found it on level 13 of
                  | the Dungeon)
 41333 | Abyss:2  | Identified the cursed +3 rapier of the Tethered Servitude
                  | {spect, short, Fort, Melee} (You found it on level 13 of
                  | the Dungeon)
 41335 | Abyss:2  | Identified the cursed +3 rapier of the Tethered Servitude
                  | {spect, short, Fort, Melee} (You found it on level 13 of
                  | the Dungeon)
 41491 | Abyss:3  | Found a corrupted altar of Lugonu.
 41495 | Abyss:3  | Identified the cursed +3 rapier of the Tethered Servitude
                  | {spect, short, Fort, Melee} (You found it on level 13 of
                  | the Dungeon)
 41501 | Abyss:3  | Identified the cursed +3 rapier of the Tethered Servitude
                  | {spect, short, Fort, Melee} (You found it on level 13 of
                  | the Dungeon)
 41565 | Abyss:3  | Found a corrupted altar of Lugonu.
 41577 | Abyss:3  | Identified the cursed +3 rapier of the Tethered Servitude
                  | {spect, short, Fort, Melee} (You found it on level 13 of
                  | the Dungeon)
 41580 | Abyss:3  | Identified the cursed +3 rapier of the Tethered Servitude
                  | {spect, short, Fort, Melee} (You found it on level 13 of
                  | the Dungeon)
 41597 | Elf:3    | You pass through the gate.
 41597 | Elf:3    | Escaped the Abyss
 41600 | Elf:3    | Reached XP level 19. HP: 183/183 MP: 27/41
 41677 | Elf:3    | Identified the ring "Fotwi" {rElec rPois rC+ rCorr Int-2}
 41682 | Elf:3    | Identified the cursed +3 rapier of the Tethered Servitude
                  | {spect, short, Fort, Melee} (You found it on level 13 of
                  | the Dungeon)
 41709 | Elf:3    | Identified the cursed +3 rapier of the Tethered Servitude
                  | {spect, short, Fort, Melee} (You found it on level 13 of
                  | the Dungeon)
 41712 | Elf:3    | Identified the cursed +3 rapier of the Tethered Servitude
                  | {spect, short, Fort, Melee} (You found it on level 13 of
                  | the Dungeon)
 41720 | Elf:3    | Identified the cursed +3 rapier of the Tethered Servitude
                  | {spect, short, Fort, Melee} (You found it on level 13 of
                  | the Dungeon)
 41720 | Elf:3    | Paralysed by an air elemental for 1 turns
 41722 | Elf:3    | Identified the cursed +3 rapier of the Tethered Servitude
                  | {spect, short, Fort, Melee} (You found it on level 13 of
                  | the Dungeon)
 41725 | Elf:3    | Paralysed by an air elemental for 1 turns
 41729 | Elf:3    | Paralysed by an air elemental for 1 turns
 41987 | Elf:3    | You are cast into the Abyss!
 41987 | Abyss:3  | Cast into level 3 of the Abyss (a deep elf demonologist)
 42052 | Abyss:3  | Identified the cursed +3 rapier of the Tethered Servitude
                  | {spect, short, Fort, Melee} (You found it on level 13 of
                  | the Dungeon)
 42055 | Abyss:3  | Identified the cursed +3 rapier of the Tethered Servitude
                  | {spect, short, Fort, Melee} (You found it on level 13 of
                  | the Dungeon)
 42058 | Abyss:3  | Identified the cursed +3 rapier of the Tethered Servitude
                  | {spect, short, Fort, Melee} (You found it on level 13 of
                  | the Dungeon)
 42124 | Abyss:3  | Identified the cursed +3 rapier of the Tethered Servitude
                  | {spect, short, Fort, Melee} (You found it on level 13 of
                  | the Dungeon)
 42126 | Abyss:3  | Reached skill level 14 in Fighting
 42127 | Abyss:3  | Identified the cursed +3 rapier of the Tethered Servitude
                  | {spect, short, Fort, Melee} (You found it on level 13 of
                  | the Dungeon)
 42138 | Abyss:3  | Identified the cursed +3 rapier of the Tethered Servitude
                  | {spect, short, Fort, Melee} (You found it on level 13 of
                  | the Dungeon)
 42140 | Abyss:3  | Identified the cursed +3 rapier of the Tethered Servitude
                  | {spect, short, Fort, Melee} (You found it on level 13 of
                  | the Dungeon)
 42144 | Abyss:3  | Identified the cursed +3 rapier of the Tethered Servitude
                  | {spect, short, Fort, Melee} (You found it on level 13 of
                  | the Dungeon)
 42149 | Abyss:3  | Identified the cursed +3 rapier of the Tethered Servitude
                  | {spect, short, Fort, Melee} (You found it on level 13 of
                  | the Dungeon)
 42151 | Abyss:3  | Identified the cursed +3 rapier of the Tethered Servitude
                  | {spect, short, Fort, Melee} (You found it on level 13 of
                  | the Dungeon)
 42155 | Abyss:3  | Identified the cursed +3 rapier of the Tethered Servitude
                  | {spect, short, Fort, Melee} (You found it on level 13 of
                  | the Dungeon)
 42183 | Abyss:3  | Identified the cursed +3 rapier of the Tethered Servitude
                  | {spect, short, Fort, Melee} (You found it on level 13 of
                  | the Dungeon)
 42204 | Abyss:3  | Identified the cursed +3 rapier of the Tethered Servitude
                  | {spect, short, Fort, Melee} (You found it on level 13 of
                  | the Dungeon)
 42206 | Abyss:3  | Identified the cursed +3 rapier of the Tethered Servitude
                  | {spect, short, Fort, Melee} (You found it on level 13 of
                  | the Dungeon)
 42226 | Abyss:3  | Identified the cursed +3 rapier of the Tethered Servitude
                  | {spect, short, Fort, Melee} (You found it on level 13 of
                  | the Dungeon)
 42339 | Abyss:3  | Identified the cursed +3 rapier of the Tethered Servitude
                  | {spect, short, Fort, Melee} (You found it on level 13 of
                  | the Dungeon)
 42366 | Abyss:3  | Identified the cursed +3 rapier of the Tethered Servitude
                  | {spect, short, Fort, Melee} (You found it on level 13 of
                  | the Dungeon)
 42369 | Abyss:3  | Identified the cursed +3 rapier of the Tethered Servitude
                  | {spect, short, Fort, Melee} (You found it on level 13 of
                  | the Dungeon)
 42416 | Abyss:3  | Identified the cursed +3 rapier of the Tethered Servitude
                  | {spect, short, Fort, Melee} (You found it on level 13 of
                  | the Dungeon)
 42440 | Abyss:3  | Reached skill level 15 in Fighting
 42442 | Abyss:3  | Identified the cursed +3 rapier of the Tethered Servitude
                  | {spect, short, Fort, Melee} (You found it on level 13 of
                  | the Dungeon)
 42444 | Elf:3    | You pass through the gate.
 42444 | Elf:3    | Escaped the Abyss
 42594 | Elf:3    | Identified the +8 plate armour "Ojyrghiv" {Harm Regen+
                  | Dex+3}
 42600 | Elf:3    | You add the spells Tukima's Dance and Yara's Violent
                  | Unravelling to your library.
 42612 | Elf:3    | Identified the +9 rapier "Yxzyid" {vamp, rElec Str+4 Dex+3}
 42621 | Elf:3    | Identified the +4 chain mail of Mirth {Harm rF- Int+6}
 42627 | Elf:3    | You pick up a book of Winter and begin reading...
 42707 | Elf:3    | Identified the +6 orcbow "Rujagoll" {heavy, rCorr Str+5
                  | Int-4}
 42707 | Elf:3    | Identified the scarf of Context {+Inv, rElec rF+ rC- Str+5
                  | Stlth-}
 42864 | Elf:3    | You add the spells Mephitic Cloud, Airstrike and Summon
                  | Lightning Spire to your library.
 42869 | Elf:3    | You pick up a book of the Moon and begin reading...
 43337 | Spider:1 | Entered Level 1 of the Spider Nest
 43767 | Spider:1 | Reached skill level 16 in Fighting
 44291 | Spider:1 | magus.rc [v1.9.6]
 44574 | Spider:2 | Reached skill level 13 in Dodging
 44718 | Spider:2 | Noticed Arachne
 44727 | Spider:2 | Killed Arachne
 45823 | Spider:3 | Reached skill level 14 in Dodging
 46534 | Spider:4 | Entered Level 4 of the Spider Nest
 47038 | Spider:4 | Reached XP level 20. HP: 202/202 MP: 9/42
 47269 | Spider:4 | You add the spells Volatile Blastmotes and Dimensional
                  | Bullseye to your library.
 47358 | Spider:4 | You pick up a book of Minor Magic and begin reading...
 47358 | Spider:4 | You add the spells Magic Dart and Call Imp to your library.
 47389 | Spider:4 | Reached skill level 15 in Dodging
 47869 | Spider:4 | Identified the +1 pair of gloves of Snakes and Ladders {rC+
                  | Int+2 SInv}
 47874 | Spider:4 | Reached skill level 16 in Dodging
 47897 | Spider:4 | Got a gossamer rune of Zot
 48316 | Vaults:1 | Entered Level 1 of the Vaults
 48324 | Vaults:1 | Found a flickering gateway to a bazaar.
 48329 | Bazaar   | Entered a bazaar
 48329 | Bazaar   | Found Hygung's Antique Weapon Emporium.
 48342 | Bazaar   | Found Faogol's Distillery.
 48353 | Bazaar   | Found Dizo's Book Shoppe.
 48386 | Bazaar   | Found Anoimos's Antique Weapon Emporium.
 48430 | Bazaar   | Bought a book of Death for 440 gold pieces
 48430 | Bazaar   | You pick up a book of Death and begin reading...
 48430 | Bazaar   | You add the spells Animate Dead, Haunt and Infestation to
                  | your library.
 48440 | Bazaar   | Bought a potion of curing for 21 gold pieces
 48440 | Bazaar   | Bought a potion of resistance for 70 gold pieces
 48440 | Bazaar   | Bought a potion of haste for 70 gold pieces
 48440 | Bazaar   | Bought a potion of heal wounds for 35 gold pieces
 48440 | Bazaar   | Bought a potion of curing for 21 gold pieces
 48440 | Bazaar   | Bought 2 potions of enlightenment for 70 gold pieces
 48440 | Bazaar   | Bought a potion of enlightenment for 35 gold pieces
 48440 | Bazaar   | Bought a potion of might for 28 gold pieces
 48448 | Bazaar   | Learned a level 7 spell: Haunt
 48453 | Bazaar   | Learned a level 4 spell: Animate Dead
 48476 | Vaults:1 | Found Godwimakal's Book Shoppe.
 48493 | Vaults:1 | magus.rc [v1.9.6]
 48493 | Vaults:1 | magus.rc [v1.9.6]
 48632 | Vaults:1 | Reached skill level 6 in Necromancy
 48853 | Vaults:1 | Noticed a dread lich
 49013 | Vaults:1 | Learned a level 5 spell: Yara's Violent Unravelling
 49029 | Vaults:1 | Reached skill level 1 in Hexes
 49100 | Vaults:1 | Reached skill level 2 in Hexes
 49228 | Vaults:1 | Reached skill level 3 in Hexes
 49396 | Vaults:1 | Reached skill level 4 in Hexes
 49460 | Vaults:1 | Killed a dread lich
 49515 | Vaults:1 | Reached skill level 5 in Hexes
 50237 | Vaults:2 | Reached skill level 4 in Summonings
 50248 | Vaults:2 | You add the spells Borgnjor's Revivification and Death's
                  | Door to your library.
 50297 | Vaults:2 | Reached skill level 7 in Necromancy
 50376 | Vaults:2 | Reached skill level 5 in Summonings
 50525 | Vaults:2 | Found a staircase to the Crypt.
 50657 | Vaults:2 | Reached skill level 8 in Necromancy
 50793 | Vaults:2 | Reached skill level 6 in Summonings
 50934 | Vaults:2 | You pick up a book of Flames and begin reading...
 50934 | Vaults:2 | You add the spells Inner Flame and Flame Wave to your
                  | library.
 50986 | Vaults:2 | You add the spells Kiss of Death and Arcjolt to your
                  | library.
 51095 | Vaults:2 | Identified the +8 arbalest "Utuagg" {freeze, Int+5 Dex-4
                  | SInv}
 51102 | Vaults:2 | Reached XP level 21. HP: 209/209 MP: 43/43
 51373 | Vaults:2 | magus.rc [v1.9.6]
 51553 | Vaults:3 | Reached skill level 7 in Summonings
 51553 | Vaults:3 | Reached skill level 9 in Necromancy
 51623 | Vaults:3 | You pick up a book of Cantrips and begin reading...
 51623 | Vaults:3 | You add the spells Necrotise, Summon Small Mammal and
                  | Apportation to your library.
 51859 | Vaults:3 | Found Cetuxtia's Book Shop.
 51866 | Vaults:3 | Bought the Writings on Elsewhere and Fulmination for 912
                  | gold pieces
 51866 | Vaults:3 | You add the spells Summon Forest and Malign Gateway to your
                  | library.
 51875 | Vaults:3 | Learned a level 7 spell: Malign Gateway
 51951 | Vaults:3 | Reached skill level 4 in Translocations
 52060 | Vaults:3 | Reached skill level 8 in Summonings
 52112 | Vaults:3 | Reached skill level 5 in Translocations
 52853 | Vaults:4 | Reached skill level 6 in Translocations
 52864 | Vaults:4 | Reached skill level 9 in Summonings
 53118 | Vaults:4 | Reached skill level 7 in Translocations
 53486 | Vaults:4 | Found a transporter.
 53487 | Vaults:4 | Found a transporter.
 53517 | Vaults:4 | Found a one-way gate to the infinite horrors of the Abyss.
 53517 | Vaults:4 | Noticed Fypuno Aqar's ghost (adept DEFE)
 53563 | Vaults:4 | You pick up a book of Decay and begin reading...
 53563 | Vaults:4 | You add the spells Cigotuvi's Dreadful Rot, Dispel Undead
                  | and Death Channel to your library.
 53640 | Vaults:4 | Killed Fypuno Aqar's ghost
 53643 | Vaults:4 | Reached skill level 10 in Summonings
 53853 | Vaults:4 | Reached skill level 8 in Translocations
 54117 | Vaults:4 | Identified the +3 dagger "Ruded" {heavy, rCorr}
 54812 | Depths:1 | Entered Level 1 of the Depths
 54816 | Depths:1 | Reached skill level 11 in Summonings
 54816 | Depths:1 | Reached skill level 9 in Translocations
 54949 | Depths:1 | Found Lauloydd's Armour Boutique.
 55172 | Depths:1 | Found a hazy altar of Hepliaklqana.
 55215 | Depths:1 | Reached XP level 22. HP: 161/207 MP: 35/43
 55217 | Depths:1 | magus.rc [v1.9.6]
 55358 | Depths:1 | Found Gyuvibb's Jewellery Boutique.
 55358 | Depths:1 | Found Sare's Book Shoppe.
 55359 | Depths:1 | Found Naosk's Jewellery Boutique.
 55369 | Depths:1 | Bought the amulet of Epeydiel {Reflect Rampage rF+ Str-4
                  | Int+4 SH+5} for 616 gold pieces
 55650 | Depths:1 | Found a gateway to Hell.
 55856 | Depths:1 | Found a one-way gateway to a ziggurat.
 56210 | Depths:2 | Found Kecvar's Changing Room.
 56214 | Depths:2 | Reached skill level 17 in Fighting
 56329 | Depths:2 | Found Gibajy's Assorted Antiques.
 56528 | Depths:2 | Found Luas's Serpentskin Sales.
 56776 | Depths:2 | Found a corrupted altar of Lugonu.
 57060 | Depths:2 | Found a one-way gate leading to the halls of Pandemonium.
 57083 | Depths:2 | Reached skill level 17 in Dodging
 57115 | Depths:2 | Identified the +1 war axe "Abureo Deaph" {heavy, Fly}
 57261 | Depths:2 | Noticed Xoff's ghost (veteran MiFi)
 57278 | Depths:2 | Noticed a caustic shrike
 57286 | Depths:2 | Found the +5 scythe "Finisher" {speed, execute}
 57295 | Depths:2 | Found a transporter.
 57298 | Depths:2 | Identified the +5 spear of Seczoatug {protect, *Corrode
                  | Drain Will+++ SInv}
 57299 | Depths:2 | Identified the +2 helmet "Gaulo" {Stlth+}
 57378 | Depths:2 | Found a transporter.
 57884 | Depths:2 | Reached skill level 18 in Fighting
 58372 | Depths:3 | Noticed a golden dragon
 58860 | Depths:3 | Noticed a juggernaut
 59123 | Depths:3 | Killed a juggernaut
 59124 | Depths:3 | Reached skill level 12 in Shields
 59124 | Depths:3 | Reached skill level 8 in Evocations
 59337 | Depths:3 | Noticed a golden dragon
 59344 | Depths:3 | Killed a golden dragon
 59444 | Depths:3 | Killed a golden dragon
 59444 | Depths:3 | Identified +0 gold dragon scales
 59514 | Depths:3 | Reached skill level 9 in Evocations
 59514 | Depths:3 | Reached XP level 23. HP: 185/232 MP: 24/45
 59773 | Depths:3 | Reached skill level 13 in Shields
 59846 | Depths:3 | Gained mutation: Potions are less effective at restoring
                  | your health. [potion of mutation]
 59846 | Depths:3 | Gained mutation: You are clumsy. (Dex -2) [potion of
                  | mutation]
 59846 | Depths:3 | Gained mutation: Your flesh is heat resistant. (rF+)
                  | [potion of mutation]
 59846 | Depths:3 | Gained mutation: You possess an exceptional clarity of
                  | mind. [potion of mutation]
 59879 | Depths:3 | You pick up a book of the Earth and begin reading...
 59879 | Depths:3 | You add the spells Leda's Liquefaction, Lee's Rapid
                  | Deconstruction and Bombard to your library.
 60095 | Depths:3 | Noticed a juggernaut
 60106 | Depths:3 | Killed a juggernaut
 60349 | Depths:3 | Reached skill level 14 in Shields
 60510 | Depths:3 | Found a runed translucent gate.
 60510 | Depths:3 | Found a runed translucent gate.
 60510 | Depths:3 | Found a runed translucent gate.
 60609 | Depths:3 | Found a runed translucent gate.
 60609 | Depths:3 | Found a runed translucent gate.
 60615 | Depths:3 | Found a runed translucent gate.
 60615 | Depths:3 | Noticed Vyrynni Mabi's ghost (veteran DrSh)
 60620 | Depths:3 | Identified the +1 hat of Ulemum {Int+3}
 61108 | Depths:3 | Reached skill level 15 in Shields
 61202 | Depths:3 | Killed Vyrynni Mabi's ghost
 61474 | Depths:3 | Learned a level 1 spell: Apportation
 61487 | Depths:3 | Lost mutation: Potions are less effective at restoring your
                  | health. [potion of mutation]
 61487 | Depths:3 | Lost mutation: You possess an exceptional clarity of mind.
                  | [potion of mutation]
 61487 | Depths:3 | Lost mutation: You are clumsy. (Dex -2) [potion of
                  | mutation]
 61487 | Depths:3 | Gained mutation: Your mind is acute. (Int +4, Str/Dex -1)
                  | [potion of mutation]
 61487 | Depths:3 | Gained mutation: You sometimes lose your temper in combat.
                  | [potion of mutation]
 61487 | Depths:3 | Gained mutation: You are agile. (Dex +4, Str/Int -1)
                  | [potion of mutation]
 61530 | Depths:4 | Entered Level 4 of the Depths
 61549 | Depths:4 | Noticed a juggernaut
 61562 | Depths:4 | Killed a juggernaut
 61768 | Depths:4 | Reached skill level 16 in Shields
 61949 | Depths:4 | Noticed Louise
 61952 | Depths:4 | Killed Louise
 62161 | Depths:4 | Reached skill level 17 in Shields
 62189 | Depths:4 | You pick up a book of Iron and begin reading...
 62245 | Depths:4 | Found Tocsaem's General Store.
 62544 | Depths:4 | Your ally Louise died
 62793 | Depths:4 | Reached skill level 18 in Dodging
 62804 | Depths:4 | Found a gate to the Realm of Zot.
 63200 | Vaults:5 | Entered Level 5 of the Vaults
 63200 | Vaults:5 | Noticed Mara
 63335 | Vaults:5 | Identified the staff "Miskarhofi" {rPois rF+ Earth}
 63354 | Vaults:5 | Reached XP level 24. HP: 215/240 MP: 3/45
 63408 | Vaults:5 | Got a silver rune of Zot
 63470 | Vaults:5 | Reached skill level 19 in Dodging
 63538 | Vaults:5 | Noticed MackTheKnife's illusion
 63612 | Vaults:5 | Noticed Mennas
 63623 | Vaults:5 | Identified the +8 quarterstaff of Tenacity {spect, MP+9}
 63848 | Vaults:5 | Identified the +4 orcbow of the Last Heavens {freeze, rElec
                  | rCorr Str+6 Int-3}
 63885 | Vaults:5 | You pick up a book of the Wilderness and begin reading...
 63885 | Vaults:5 | You add the spells Summon Mana Viper and Summon Cactus
                  | Giant to your library.
 64015 | Vaults:5 | Reached skill level 20 in Dodging
 64200 | Vaults:5 | Identified +0 gold dragon scales
 64216 | Vaults:5 | Killed Mennas
 64309 | Vaults:5 | Identified the amulet "Zoamnau" {RegenMP Dex+5}
 64582 | Vaults:5 | You pick up a book of Weapons and begin reading...
 64594 | Vaults:5 | Noticed a dread lich
 64603 | Vaults:5 | Killed a dread lich
 64923 | Vaults:5 | Killed Mara
 65133 | Vaults:5 | Identified the staff of Contention {Drain rElec rN+ Will+
                  | Str+5 Necro}
 65762 | Zot:1    | Identified the "Seodgh"
 65762 | Zot:1    | Entered Level 1 of the Realm of Zot
 65783 | Zot:1    | Reached skill level 21 in Dodging
 65854 | Zot:3    | magus.rc [v1.9.6]
 65866 | Zot:3    | Identified +0 gold dragon scales
 65874 | Zot:4    | Identified the "Qont"
 65885 | Zot:5    | Entered Level 5 of the Realm of Zot
 66346 | Zot:5    | magus.rc [v1.9.6]
 66358 | Zot:5    | Learned a level 2 spell: Lesser Beckoning
 66365 | Zot:5    | Noticed an ancient lich
 66376 | Zot:5    | Killed an ancient lich
 66385 | Zot:5    | Noticed a Killer Klown
 66387 | Zot:5    | Noticed an electric golem
 66399 | Zot:5    | Noticed an orb of fire
 66539 | Zot:5    | Killed a Killer Klown
 66586 | Zot:5    | Noticed a Killer Klown
 66591 | Zot:5    | Noticed a Killer Klown
 66595 | Zot:5    | Killed a Killer Klown
 66599 | Zot:5    | Killed an electric golem
 66608 | Zot:5    | Noticed an orb of fire
 66608 | Zot:5    | Gained mutation: You have an uncontrollable temper. [an orb
                  | of fire]
 66609 | Zot:5    | Killed a Killer Klown
 66618 | Zot:5    | Killed an orb of fire
 66619 | Zot:5    | Reached skill level 22 in Dodging
 66629 | Zot:5    | Gained mutation: You are frail. (-10% HP) [an orb of fire]
 66634 | Zot:5    | Killed an orb of fire
 66799 | Zot:5    | Reached XP level 25. HP: 223/223 MP: 29/45
 66925 | Zot:5    | Got the Orb of Zot
 67098 | Depths:4 | Identified +1 pearl dragon scales
 67098 | Depths:4 | Noticed a seraph
 67112 | Depths:4 | Noticed Arghi Kev the pandemonium lord
 67553 | D:$      | Escaped with the Orb!

Vanquished Creatures
  A dread lich (Vaults:1)
  2 orbs of fire (Zot:5)
  Mennas (Vaults:5)
  the Lernaean hydra (Swamp:4)
  A Killer Klown (Zot:5)
  2 golden dragons
  Nikola (Swamp:2)
  A bone dragon (Depths:4)
  Arachne (Spider:2)
  A hellephant (Vaults:4)
  4 tentacled monstrosities (Depths:3)
  3 liches
  A quicksilver dragon (Depths:3)
  2 deep elf blademasters (Elf:3)
  2 deep elf master archers (Elf:3)
  8 Orb Guardians
  A walking frostbound tome (Depths:3)
  3 titans
  Frances (D:13)
  5 sphinxes
  2 acid blobs (Depths:4)
  8 tengu reavers
  A shadow dragon (Vaults:5)
  Kirke (D:12)
  A death cob (Zot:5)
  4 storm dragons
  Donald (Swamp:3)
  7 tentacled starspawn
  3 rockslimes (Depths:4)
  4 fire giants
  A draconian monk (Depths:4)
  4 azure jellies
  3 frost giants
  18 vault wardens
  7 deep elf sorcerers
  2 deep elf elementalists
  An iron dragon (Vaults:3)
  3 emperor scorpions
  A draconian scorcher (Depths:4)
  3 ghost moths
  8 ghouls
  2 balrugs
  The ghost of Fypuno Aqar the Pyromancer, an adept DEFE of Elyvilon (Vaults:4)
  2 cacodemons (Depths:3)
  3 broodmothers
  2 orc warlords
  A caustic shrike skeleton (Depths:1)
  2 formless jellyfish
  A quicksilver ooze (Depths:4)
  15 ironbound preservers
  5 ironbound thunderhulks
  3 reapers (IceCv)
  19 very ugly things
  14 stone giants
  Nessos (D:13)
  4 dire elephants (Vaults:1)
  A vampire knight (Depths:2)
  8 deep elf demonologists
  A black draconian (Depths:4)
  10 spark wasps
  10 deep elf annihilators
  8 eleionomae
  A minotaur (Gauntlet)
  Azrael (D:12)
  7 bunyips
  3 red draconians (Depths:4)
  2 purple draconians (Depths:4)
  A green death (Gauntlet)
  A crystal guardian (Vaults:4)
  2 entropy weavers
  6 deep elf death magi
  13 ettins
  8 fire dragons
  3 jiangshi (Depths:2)
  12 great orbs of eyes
  2 deep elf high priests
  12 yaktaur captains
  3 shambling mangroves
  3 rakshasas
  23 hydras
  21 vault guards
  2 spriggan air magi
  5 ice dragons
  A hell beast (Gauntlet)
  A merfolk avatar (Lair:5)
  2 peacekeepers
  8 radroaches
  A spriggan skeleton (Depths:1)
  A catoblepas (Lair:1)
  3 centaur warriors
  A quicksilver dragon skeleton (Depths:2)
  2 ghost crabs (Swamp:2)
  7 ogre magi
  A two-headed ogre (shapeshifter) (Elf:2)
  8 boulder beetles
  8 ironbound frosthearts
  7 alligators
  18 dancing weapons
  A death scarab (Spider:3)
  25 two-headed ogres
  4 deep troll shamans
  2 naga warriors (Abyss:2)
  3 tengu warriors
  5 vampire magi
  10 deep troll earth magi
  2 hell hogs (Abyss:3)
  9 death yaks
  An occultist (Depths:2)
  3 orc high priests
  3 demonic crawlers
  7 large abominations
  5 thrashing horrors (Abyss:3)
  5 hell knights
  6 spriggan berserkers
  Sonja (Orc:1)
  14 deep elf knights
  2 sun demons (Depths:1)
  A soul eater (Gauntlet)
  A storm dragon zombie (D:15)
  2 wretched stars
  13 skeletal warriors
  2 pharaoh ants (Spider:2)
  3 skysharks
  A death drake (Abyss:3)
  3 goliath frogs
  7 iron trolls
  A goliath frog (shapeshifter) (Vaults:5)
  2 flayed ghosts (Depths:3)
  12 swamp dragons
  2 spriggan druids (Swamp:3)
  A naga ritualist (Depths:2)
  14 orb spiders
  5 glowing orange brains
  42 deep trolls
  3 spriggan simulacra
  10 deep elf archers
  14 bog bodies
  7 necromancers
  6 steelbarb worms
  An obsidian statue (IceCv)
  An ugly thing zombie (Depths:4)
  10 arcanists
  5 phantasmal warriors
  2 tengu zombies (Vaults:4)
  2 harpies
  4 orc knights
  5 spectral spriggans (Swamp:2)
  26 deep elf pyromancers
  8 lindwurms
  25 deep elf zephyrmancers
  A fire giant zombie (Depths:2)
  4 starcursed masses (Abyss:3)
  An oklob plant (Lair:3)
  15 ironbound convokers
  23 wolf spiders
  4 orc sorcerers
  38 ugly things
  6 will-o-the-wisps
  A shining eye (shapeshifter) (Vaults:4)
  3 shining eyes (Depths:4)
  3 cyclopes
  4 manticores
  A draconian zombie (Depths:4)
  3 worldbinders
  12 vault sentinels
  4 moths of wrath
  A moth of wrath (shapeshifter) (Elf:3)
  A guardian serpent (Abyss:2)
  6 black mambas
  8 elephants
  6 torpor snails
  An apocalypse crab (Abyss:3)
  Joseph (D:10)
  A torpor snail (shapeshifter) (Depths:1)
  A gargoyle (D:10)
  3 smoke demons
  2 orange demons (Gauntlet)
  12 cane toads
  An unseen horror (D:13)
  3 efreet
  An elf zombie (Vaults:4)
  15 freezing wraiths
  An unseen horror (shapeshifter) (D:12)
  2 rime drakes
  A kobold demonologist (D:13)
  7 komodo dragons
  A minotaur zombie (Gauntlet)
  18 yaktaurs
  An anaconda simulacrum (IceCv)
  2 golden dragon simulacra
  6 ice devils (IceCv)
  3 tengu conjurers
  3 ancient zymes
  3 yaktaur skeletons (Vaults:4)
  7 meliai
  6 polar bears
  15 trolls
  A polar bear (shapeshifter) (D:13)
  A wolf spider simulacrum (D:14)
  10 tyrant leeches
  A red devil (D:12)
  26 tarantellas
  5 bloated husks
  3 wind drakes (Lair:5)
  A hellwing (Zot:4)
  An alligator simulacrum (IceCv)
  13 hornets
  22 blink frogs
  4 raiju
  A glass eye (Depths:2)
  26 jumping spiders
  A spriggan zombie (D:15)
  2 air elementals
  34 slime creatures
  An ettin skeleton (Vaults:4)
  12 culicivoras
  9 spriggans
  2 dire elephant simulacra (IceCv)
  7 fire elementals
  A vampire (Abyss:3)
  57 yaks
  2 ynoxinuls (Abyss:2)
  A wraith (D:13)
  7 wyverns
  4 basilisks
  4 water elementals
  2 golden eyes (shapeshifter) (Depths:3)
  3 steam dragons
  2 golden eyes (Depths:4)
  25 redbacks
  4 hogs (D:12)
  3 minotaur simulacra (IceCv)
  A chaos spawn (Abyss:3)
  10 vampire mosquitoes
  A harpy simulacrum (IceCv)
  3 nagas
  14 swamp worms
  5 wargs
  20 water moccasins
  3 hell hounds (D:12)
  A hydra simulacrum (IceCv)
  A glowing shapeshifter skeleton (Vaults:4)
  2 sky beasts
  A swamp drake (shapeshifter) (Depths:3)
  8 swamp drakes (Swamp:4)
  20 orc warriors
  8 black bears
  An orc zombie (Vaults:2)
  3 ice beasts
  19 wolves
  25 ogres
  2 centaurs
  A nameless horror (Depths:4)
  3 phantoms
  A kobold brigand (D:9)
  6 bullfrogs
  2 earth elementals
  A scorpion (shapeshifter) (Depths:3)
  A deep troll simulacrum (IceCv)
  2 necrophages (Swamp:4)
  2 gnoll sergeants
  4 scorpions
  2 jellies
  A human simulacrum (Vaults:4)
  14 killer bees
  2 vampire bats (Orc:2)
  6 howler monkeys
  7 electric eels
  A jelly (shapeshifter) (Depths:3)
  3 hounds
  4 small abominations
  11 orc priests
  A gnoll bouda (Lair:5)
  A sleepcap (D:6)
  5 iguanas
  22 orc wizards
  14 gnolls
  5 adders
  3 shadow imps (Gauntlet)
  A white imp (D:6)
  11 ufetubi
  A jelly zombie (Depths:3)
  2 dart slugs (D:1)
  71 orcs
  6 ball pythons
  10 endoplasms
  2 giant cockroaches
  13 goblins
  10 hobgoblins
  A kobold (shapeshifter) (Depths:3)
  8 quokkas
  9 bats
  9 frilled lizards
  16 kobolds
  6 rats
  A lurking horror (Abyss:2)
  6 starspawn tentacles (Abyss:3)
1803 creatures vanquished.

Vanquished Creatures (collateral kills)
  An ancient lich (Zot:5)
  A dread lich (Vaults:5)
  Mara (Vaults:5)
  3 juggernauts
  The ghost of Vyrynni Mabi the Warrior, a veteran DrSh of Okawaru (Depths:3)
  2 Killer Klowns (Zot:5)
  3 golden dragons
  An electric golem (Zot:5)
  3 tentacled monstrosities
  16 Orb Guardians (Zot:5)
  A walking crystal tome (Depths:4)
  A titan (Vaults:5)
  A sphinx (Depths:3)
  A walking divine tome (Depths:3)
  A quicksilver dragon (Zot:1)
  3 storm dragons
  A shadow dragon (Depths:3)
  A storm dragon (shapeshifter) (Depths:3)
  5 tengu reavers
  A rockslime (Depths:4)
  An azure jelly (Depths:4)
  A deep elf sorcerer (Vaults:5)
  2 fire giants (Depths:3)
  Louise (Depths:4)
  2 frost giants
  2 emperor scorpions (Spider:4)
  9 vault wardens
  2 cacodemons
  A draconian annihilator (Depths:4)
  A stone giant (Vaults:5)
  7 very ugly things
  An ironbound preserver (Vaults:3)
  3 broodmothers (Spider:4)
  A vampire knight (Depths:3)
  An eleionoma (shapeshifter) (Depths:3)
  A green draconian (Zot:3)
  3 spark wasps
  A purple draconian (Zot:1)
  2 deep elf annihilators (Vaults:5)
  A black draconian (Zot:5)
  2 ettins (Depths:3)
  A deep elf death mage (Vaults:5)
  3 fire dragons
  3 deep elf high priests (Vaults:5)
  An entropy weaver (Spider:2)
  2 yaktaur captains (Vaults:5)
  An ogre mage (Vaults:2)
  A jorogumo (shapeshifter) (Depths:3)
  A hell beast (Depths:1)
  12 vault guards
  3 ice dragons
  A jorogumo (Spider:4)
  An ironbound frostheart (Vaults:2)
  A tengu warrior (Depths:3)
  3 deep troll shamans
  A hell hog (Depths:3)
  A deep troll earth mage (Depths:3)
  A vampire mage (Depths:3)
  A spriggan berserker (Depths:1)
  A wretched star (Vaults:4)
  A hell knight (Vaults:5)
  3 iron trolls
  A pharaoh ant (Spider:4)
  9 deep trolls
  An orb spider (Spider:4)
  A glowing orange brain (Depths:4)
  An ironbound convoker (Vaults:5)
  A phantasmal warrior (Depths:3)
  4 wolf spiders (Spider:4)
  6 ugly things
  4 moths of wrath
  2 elephants (Lair:4)
  A titan simulacrum (Depths:1)
  3 slime creatures
  A vault sentinel (Vaults:5)
  5 yaktaurs
  2 hellwings (Zot:5)
  4 tarantellas
  2 hornets (Depths:1)
  A glass eye (Depths:3)
  A glass eye (shapeshifter) (Vaults:2)
  2 deep troll zombies
  7 jumping spiders
  7 culicivoras (Spider:4)
  A spriggan (Depths:1)
  A redback (Spider:4)
  A warg (shapeshifter) (Depths:3)
  A sky beast (shapeshifter) (Depths:3)
  A human zombie (Vaults:4)
  An adder (shapeshifter) (Depths:3)
  A dart slug (shapeshifter) (Depths:3)
  An orc (Orc:2)
  2 starspawn tentacles (Vaults:4)
212 creatures vanquished.

Vanquished Creatures (others)
  A golden dragon (Vaults:5)
  22 eldritch tentacles
  2 juggernaut zombies
  6 very ugly thing zombies (Depths:4)
  A quicksilver dragon zombie (Depths:3)
  8 Orb Guardian zombies (Zot:5)
  A titan zombie (Vaults:5)
  A spark wasp zombie (Depths:1)
  A golden dragon zombie (Depths:3)
  2 tengu zombies (Vaults:5)
  4 ugly thing zombies
  2 spriggan zombies
  15 human zombies
  2 elf zombies (Vaults:5)
  A great orb of eyes zombie (Vaults:4)
  An ettin zombie (Vaults:5)
  A fire dragon zombie (Depths:3)
  An ice dragon zombie (Depths:4)
  An ogre zombie (Vaults:5)
  12 deep troll zombies
  An orc warrior (Vaults:5)
  3 lindwurm zombies (Vaults:4)
  4 orc zombies (Vaults:5)
  4 yaktaur zombies
  A warg zombie (Depths:3)
  A sky beast zombie (Depths:3)
  A swamp drake zombie (Depths:3)
  2 orcs (Vaults:5)
  A dart slug zombie (Depths:3)
  12 foxfires
  4 spectral weapons
  15 starspawn tentacles
134 creatures vanquished.

Grand Total: 2149 creatures vanquished

Table legend:
 A = Non-vault XP
 B = Vault XP
 C = Vault XP percentage of total XP
 D = Non-vault monster count
 E = Vault monster count
 F = Vault count percentage of total count
                 A         B        C        D         E       F
            +---------+---------+-------+---------+---------+-------
      Total |  582487 |  581338 |  50.0 |    1271 |     721 |  36.2
            +---------+---------+-------+---------+---------+-------
        D:1 |      60 |       5 |   7.7 |      35 |       5 |  12.5
        D:2 |      44 |       0 |   0.0 |      20 |       0 |   0.0
        D:3 |      61 |       0 |   0.0 |      13 |       0 |   0.0
        D:4 |     396 |       0 |   0.0 |      18 |       0 |   0.0
        D:5 |     299 |     103 |  25.6 |      14 |       1 |   6.7
        D:6 |    1384 |      40 |   2.8 |      32 |       1 |   3.0
        D:7 |     840 |     167 |  16.6 |      19 |       2 |   9.5
        D:8 |    1043 |       0 |   0.0 |      19 |       0 |   0.0
        D:9 |    2150 |     450 |  17.3 |      34 |       1 |   2.9
       D:10 |    3011 |    2343 |  43.8 |      19 |       7 |  26.9
       D:11 |    4452 |       0 |   0.0 |      14 |       0 |   0.0
       D:12 |    6996 |    4846 |  40.9 |      29 |      29 |  50.0
       D:13 |   10035 |    7259 |  42.0 |      17 |      10 |  37.0
       D:14 |    4520 |       0 |   0.0 |       8 |       0 |   0.0
       D:15 |   20784 |    4781 |  18.7 |      33 |       7 |  17.5
     Lair:1 |   10308 |    1159 |  10.1 |      39 |       5 |  11.4
     Lair:2 |    6512 |    2332 |  26.4 |      25 |       9 |  26.5
     Lair:3 |    5380 |    2158 |  28.6 |      23 |       5 |  17.9
     Lair:4 |    4800 |    2478 |  34.0 |      14 |      10 |  41.7
     Lair:5 |   13950 |    8991 |  39.2 |      41 |      24 |  36.9
    Swamp:1 |   14676 |    1655 |  10.1 |      23 |       4 |  14.8
    Swamp:2 |   15057 |   16204 |  51.8 |      23 |      22 |  48.9
    Swamp:3 |   15601 |    1437 |   8.4 |      28 |       1 |   3.4
    Swamp:4 |   13906 |   18053 |  56.5 |      24 |      27 |  52.9
   Spider:1 |   15212 |       0 |   0.0 |      44 |       0 |   0.0
   Spider:2 |   21940 |    2369 |   9.7 |      50 |       2 |   3.8
   Spider:3 |   12343 |       0 |   0.0 |      25 |       0 |   0.0
   Spider:4 |   23601 |   22851 |  49.2 |      45 |      43 |  48.9
      Orc:1 |    4436 |     782 |  15.0 |      25 |       1 |   3.8
      Orc:2 |    5186 |   14915 |  74.2 |      34 |      44 |  56.4
      Elf:1 |   17287 |    7461 |  30.1 |      34 |      12 |  26.1
      Elf:2 |   30625 |    3311 |   9.8 |      43 |       4 |   8.5
      Elf:3 |   12263 |   30542 |  71.4 |      26 |      27 |  50.9
   Vaults:1 |    9525 |   20763 |  68.6 |      20 |      24 |  54.5
   Vaults:2 |   14485 |   33804 |  70.0 |      20 |      43 |  68.3
   Vaults:3 |   23731 |   18572 |  43.9 |      31 |      22 |  41.5
   Vaults:4 |   31776 |   30450 |  48.9 |      51 |      40 |  44.0
   Vaults:5 |   19001 |  100345 |  84.1 |      24 |      85 |  78.0
   Depths:1 |   43749 |    5885 |  11.9 |      58 |       6 |   9.4
   Depths:2 |   34413 |   18231 |  34.6 |      41 |      20 |  32.8
   Depths:3 |   34371 |   72639 |  67.9 |      38 |      63 |  62.4
   Depths:4 |   27286 |   36609 |  57.3 |      26 |      35 |  57.4
      Zot:1 |    6166 |       0 |   0.0 |       4 |       0 |   0.0
      Zot:3 |    4369 |       0 |   0.0 |       4 |       0 |   0.0
      Zot:5 |    3447 |   66485 |  95.1 |       4 |      33 |  89.2
    Abyss:2 |    7586 |       0 |   0.0 |      21 |       0 |   0.0
    Abyss:3 |   23424 |    2482 |   9.6 |      39 |       3 |   7.1
      IceCv |       0 |   13284 | 100.0 |       0 |      32 | 100.0
   Gauntlet |       0 |    5097 | 100.0 |       0 |      12 | 100.0
            +---------+---------+-------+---------+---------+-------

Skill      XL: |  1  2  3  4  5  6  7  8  9 10 11 12 13 14 15 16 17 18 19 20 21 22 23 24 |
---------------+-------------------------------------------------------------------------+-----
Stealth        | 1 2 6 7 |  7.4
Short Blades   | 3 4 5 6 7 10 | 10.4
Fighting       | 4 6 8 9 10 11 13 16 18 | 18.4
Dodging        | 3 6 7 8 10 11 12 14 16 17 18 22 | 22.6
Shapeshifting  | 1 6 8 |  8.8
Ice Magic      | 5 9 15 16 17 | 17.7
Conjurations   | 4 6 |  6.8
Air Magic      | 4 6 |  6.7
Spellcasting   | 4 5 7 9 12 | 12.3
Summonings     | 3 6 11 | 11.4
Necromancy     | 4 5 8 9 |  9.7
Evocations     | 7 9 |  9.0
Shields        | 5 11 12 17 | 17.0
Earth Magic    | 3 |  3.3
Hexes          | 5 |  5.4
Translocations | 9 |  9.6
Throwing       | |  0.8

Action                     |  1- 3 |  4- 6 |  7- 9 | 10-12 | 13-15 | 16-18 | 19-21 | 22-24 | 25-27 || total
---------------------------+-------+-------+-------+-------+-------+-------+-------+-------+-------++-------
  Melee: Short sword       |   118 |       |       |       |       |       |       |       |       ||   118
         Tailslap          |    13 |    23 |    60 |    87 |   134 |   122 |   223 |   354 |    13 ||  1029
         Punch             |     3 |     4 |     6 |     9 |     9 |     4 |       |       |       ||    35
         Dagger            |    31 |   200 |   457 |   507 |   557 |   182 |       |       |       ||  1934
         Maw               |       |       |       |   157 |   243 |   233 |   412 |   594 |    22 ||  1661
         Rapier            |       |       |       |       |       |   324 |   838 |  1140 |    42 ||  2344
  Throw: Dart              |     1 |    25 |    27 |    27 |       |       |       |       |       ||    80
         Boomerang         |       |    11 |    23 |     1 |       |       |       |       |       ||    35
   Cast: Blink             |       |     1 |       |     1 |     2 |     1 |     2 |       |       ||     7
         Gell's Gravitas   |       |       |     1 |     1 |       |       |       |       |       ||     2
         Freezing Cloud    |       |       |       |    39 |    87 |    28 |    40 |    20 |       ||   214
         Ozocubu's Refrige |       |       |       |       |   164 |   330 |   282 |    29 |       ||   805
         Vhi's Electric Ch |       |       |       |       |     2 |       |     5 |    13 |       ||    20
         Summon Ice Beast  |       |       |       |       |     1 |       |       |       |       ||     1
         Simulacrum        |       |       |       |       |     1 |     1 |    15 |    11 |       ||    28
         Stone Arrow       |       |       |       |       |       |    87 |       |       |       ||    87
         Borgnjor's Vile C |       |       |       |       |       |    78 |    75 |    55 |     3 ||   211
         Wereblood         |       |       |       |       |       |       |     5 |     7 |       ||    12
         Animate Dead      |       |       |       |       |       |       |     8 |    16 |       ||    24
         Haunt             |       |       |       |       |       |       |    14 |    97 |     8 ||   119
         Malign Gateway    |       |       |       |       |       |       |     1 |    21 |       ||    22
         Yara's Violent Un |       |       |       |       |       |       |       |     4 |       ||     4
         Apportation       |       |       |       |       |       |       |       |     4 |       ||     4
 Invoke: Curse Item        |       |       |     3 |     3 |     3 |     3 |     2 |     2 |       ||    16
         Shatter the Chain |       |       |       |       |     2 |     1 |     3 |     1 |       ||     7
Ability: Breathe Frost     |       |       |    35 |    34 |    20 |     8 |       |       |       ||    97
  Evoke: Wand              |       |       |       |     3 |    11 |     7 |     6 |     5 |     2 ||    34
         Box of beasts     |       |       |       |       |     3 |     3 |     1 |     1 |       ||     8
         Tin of tremorston |       |       |       |       |       |     3 |       |     1 |       ||     4
         Phantom mirror    |       |       |       |       |       |       |     1 |       |       ||     1
    Use: Scroll            |       |     8 |     2 |     2 |     3 |     9 |     6 |     9 |     2 ||    41
         Potion            |       |       |       |       |     2 |     5 |     7 |     7 |     3 ||    24
   Stab: Sleeping          |     8 |     8 |     1 |     1 |     5 |     2 |    18 |     6 |       ||    49
         Invisible         |       |       |       |     2 |     5 |     1 |       |       |       ||     8
         Held in net/web   |       |       |       |     2 |       |       |       |       |       ||     2
         Distracted        |       |       |       |       |     1 |    10 |    11 |    27 |       ||    49
 Armour: Skin              |    69 |   104 |   184 |   223 |   294 |   335 |   232 |   268 |     3 ||  1712
  Dodge: Dodged            |    68 |   108 |   251 |   331 |   382 |   269 |   375 |   457 |    20 ||  2261
  Block: Buckler           |       |       |       |       |       |    54 |       |       |       ||    54
         Kite shield       |       |       |       |       |       |   126 |   559 |   895 |    59 ||  1639
         Reflection        |       |       |       |       |       |       |       |    51 |       ||    51
   Form: Maw               |       |       |       |     1 |       |       |       |       |       ||     1

Illustrated notes

Table legend:
 A = Kills in this place as a percentage of kills in the entire game.
 B = Kills by you in this place as a percentage of kills by you in the entire game.
 C = Kills by friends in this place as a percentage of kills by friends in the entire game.
 D = Other kills in this place as a percentage of other kills in the entire game.
 E = Experience gained in this place as a percentage of experience gained in the entire game.
 F = Experience gained in this place divided by the number of levels of this place that you have seen.
                   A       B       C       D       E      F
               +-------+-------+-------+-------+-------+----------------------
         Total | 100.0 | 100.0 | 100.0 | 100.0 | 100.0 | 21660.7
       Dungeon |  19.4 |  21.7 |   0.0 |   0.0 |   6.5 | 5091.5
          Lair |   9.8 |  10.8 |   1.0 |   0.0 |   5.0 | 11613.6
         Swamp |   7.6 |   8.5 |   0.0 |   0.0 |   8.3 | 24147.2
   Spider Nest |  10.4 |   9.8 |  16.3 |   0.0 |   8.4 | 24579.0
  Orcish Mines |   5.2 |   5.8 |   0.5 |   0.0 |   2.2 | 12659.5
   Elven Halls |   7.3 |   8.2 |   0.0 |   0.0 |   8.7 | 33829.7
        Vaults |  18.0 |  16.6 |  29.3 | 100.0 |  25.9 | 60490.4
        Depths |  14.4 |  11.7 |  38.0 |   0.0 |  23.6 | 68941.2
           Zot |   2.5 |   1.1 |  14.9 |   0.0 |   7.1 | 16687.0
         Abyss |   3.2 |   3.5 |   0.0 |   0.0 |   2.9 | 11164.0
      Ice Cave |   1.6 |   1.8 |   0.0 |   0.0 |   1.1 | 13284.0
      Gauntlet |   0.6 |   0.7 |   0.0 |   0.0 |   0.4 | 5097.0
               +-------+-------+-------+-------+-------+----------------------

Table legend: (Time is in decaauts)
 A = Elapsed time spent in this place.
 B = Non-inter-level travel time spent in this place.
 C = Inter-level travel time spent in this place.
 D = Time resting spent in this place.
 E = Time spent auto-exploring this place.
 F = Levels seen in this place.
 G = Mean time per level.
                   A        B        C        D        E       F      G
               +--------+--------+--------+--------+--------+-----+--------+
         Total |  66157 |  61210 |   4947 |  10204 |  36289 |  54 | 1225.1 |
       Dungeon |  19397 |  17103 |   2294 |   2423 |  10139 |  15 | 1293.1 |
          Lair |   7980 |   7343 |    637 |   1512 |   4463 |   5 | 1596.0 |
         Swamp |   5656 |   5417 |    239 |   1190 |   3310 |   4 | 1414.0 |
   Spider Nest |   4747 |   4507 |    240 |    478 |   3268 |   4 | 1186.8 |
  Orcish Mines |   2233 |   1840 |    393 |    231 |   1249 |   2 | 1116.5 |
   Elven Halls |   4963 |   4802 |    161 |   1135 |   2762 |   3 | 1654.3 |
        Vaults |   8322 |   8000 |    322 |    673 |   5317 |   5 | 1664.4 |
        Depths |   8293 |   7692 |    601 |   1017 |   4738 |   4 | 2073.2 |
           Zot |   1221 |   1165 |     56 |    370 |    233 |   5 |  244.2 |
         Abyss |    983 |    983 |      0 |    220 |    271 |   3 |  327.7 |
        Bazaar |    280 |    280 |      0 |      0 |    132 |   2 |  140.0 |
      Ice Cave |   1184 |   1184 |      0 |    430 |    318 |   1 | 1184.0 |
      Gauntlet |    892 |    892 |      0 |    522 |     87 |   1 |  892.0 |
               +--------+--------+--------+--------+--------+-----+--------+

Top non-repeatable levels by time:
Depths:3: 2967 daAuts
   Elf:3: 2334 daAuts
Depths:2: 2245 daAuts
    D:15: 2167 daAuts
Vaults:5: 2100 daAuts
  Lair:1: 2040 daAuts
    D:13: 1952 daAuts
 Swamp:2: 1916 daAuts
     D:6: 1824 daAuts
Vaults:3: 1708 daAuts
  Lair:3: 1625 daAuts
Vaults:4: 1622 daAuts
Vaults:1: 1597 daAuts
   Orc:2: 1572 daAuts
 Swamp:4: 1563 daAuts
